Workbook

Sheet Расчет дотаций
B1: Распределение дотаций местным бюджетам на поддержку мер по обеспечению сбалансированности местных бюджетов
A2: За 2022 год
A3: Наименование муниципального образования | B3: Отсутствие просроченной кредиторской задолженности бюджета городского округа, консолидированного бюджета городского округа с внутригородским делением, консолидированного бюджета муниципального района по состоянию на конец отчетного периода | D3: Объем алкогольной продукции, зафиксированный в единой государственной автоматизированной информационной системе (дкл.) | H3: Эффективность вовлечения объектов недвижимости в налоговый оборот (%) | L3: Общая площадь введенного в эксплуатацию жилья с учетом индивидуального жилищного строительства (кв.м.) | P3: Валовой сбор зерна в весе после доработки (тыс. тонн) | T3: Производство молока во всех категориях хозяйств (тонн) | X3: Производство скота и птицы на убой (в живом весе) во всех категориях хозяйств (тонн) | AB3: Численность занятых в сфере малого и среднего предпринимательства (чел.) | AF3: Численность официально зарегистрированных безработных граждан (в среднем за год) (чел.) | AJ3: Сводная оценка выполнения социально-экономических показателей | AK3: Годовое значение, тыс. рублей | AL3: Распределение за отчетный период, тыс. рублей | AM3: Отклонение от планируемого распределения, тыс. рублей | AN3: Удержание дотаций в 2022 году в связи с исполнением показателей за 2021 год, тыс. рублей | AO3: Распределение за отчетный период с учетом удержания, тыс. рублей | AP3: Ранее предоставленные дотации в 2022 году, тыс. рублей | BA3: Распределение дотаций за вычетом предоставленных дотаций за январь-ноябрь, тыс. рублей | BB3: Соблюдение условий предоставления дотаций*: | BF3: Распределение (+) / Взыскание (-) за отчётный период с учетом выполнения условий предоставления стимулирующих дотаций, тыс. рублей
BB4: Соблюдение норматива формирования расходов на содержание органов местного самоуправления | BC4: непривлечение кредитов кредитных организаций в декабре 2022 года | BE4: неувеличение объема муниципального долга в части кредитов кредитных организаций в декабре 2022 года (не применяется если объем долга на 01.01.2023 не превышает его объем по состоянию на начало 2022 года)
AP5: за январь | AQ5: за февраль | AR5: за март | AS5: за апрель | AT5: за май | AU5: за июнь | AV5: за июль | AW5: за август | AX5: за сентябрь | AY5: за октябрь | AZ5: за ноябрь | BC5: МО у которых доля дотаций на выравнивание бюджетной обеспеченности в доходах бюджета (без учета субвенций) за 2021 год > 15 % | BD5: МО, муниципальный долг которых на 01.01.2023 > 90% от утвержденного общего годового объема доходов без учета утвержденного объема безвозмездных поступлений
B7: Исполнение | C7: Вес | D7: Прогнозное значение | E7: Фактически сложившийся уровень | F7: Исполнение с уч. корректир. макс. перевыполнения | G7: Вес | H7: Прогнозное значение | I7: Фактически сложившийся уровень | J7: Исполнение с уч. корректир. макс. перевыполнения | K7: Вес | L7: Прогнозное значение | M7: Фактически сложившийся уровень | N7: Исполнение с уч. корректир. макс. перевыполнения | O7: Вес | P7: Прогнозное значение | Q7: Фактически сложившийся уровень | R7: Исполнение с уч. корректир. макс. перевыполнения | S7: Вес | T7: Прогнозное значение | U7: Фактически сложившийся уровень | V7: Исполнение с уч. корректир. макс. перевыполнения | W7: Вес | X7: Прогнозное значение | Y7: Фактически сложившийся уровень | Z7: Исполнение с уч. корректир. макс. перевыполнения | AA7: Вес | AB7: Прогнозное значение | AC7: Фактически сложившийся уровень | AD7: Исполнение с уч. корректир. макс. перевыполнения | AE7: Вес | AF7: Прогнозное значение | AG7: Фактически сложившийся уровень | AH7: Исполнение с уч. корректир. макс. перевыполнения | AI7: Вес
A8: 1 | B8: 2 | C8: 3 | D8: 4 | E8: 5 | F8: 6=5/4 | G8: 7 | H8: 8 | I8: 9 | J8: 10=9/8 | K8: 11 | L8: 12 | M8: 13 | N8: 14=13/12 | O8: 15 | P8: 16 | Q8: 17 | R8: 18=17/16 | S8: 19 | T8: 20 | U8: 21 | V8: 22=21/20 | W8: 23 | X8: 24 | Y8: 25 | Z8: 26=25/24 | AA8: 27 | AB8: 28 | AC8: 29 | AD8: 30=29/28 | AE8: 31 | AF8: 32 | AG8: 33 | AH8: 34=32/33 | AI8: 35 | AJ8: 36 | AK8: 37 | AL8: 38=36*37 | AM8: 39=38-37 | AN8: 40 | AO8: 41=38-40 | AP8: 42 | AQ8: 43 | AR8: 44 | AS8: 45 | AT8: 46 | AU8: 47 | AV8: 48 | AW8: 49 | AX8: 50 | AY8: 51 | AZ8: 52 | BA8: 53=41-(42+…+52) | BB8: 54 | BC8: 55 | BD8: 56 | BE8: 57 | BF8: 58
A9: Городские округа (городской округ с внутригородским делением) | D9: =SUM(D10:D19) -> 1588278 | E9: =SUM(E10:E19) -> 1731886.5 | F9: =IF(E9/D9>1.2,IF((E9/D9-1.2)*0.1+1.2>1.3,1.3,(E9/D9-1.2)*0.1+1.2),E9/D9) -> 1.0904177 | L9: =SUM(L10:L19) -> 1160697 | M9: =SUM(M10:M19) -> 951533 | N9: =IF(M9/L9>1.2,IF((M9/L9-1.2)*0.1+1.2>1.3,1.3,(M9/L9-1.2)*0.1+1.2),M9/L9) -> 0.81979449 | AB9: =SUM(AB10:AB19) -> 581333 | AC9: =SUM(AC10:AC19) -> 582920 | AD9: =IF(AC9/AB9>1.2,IF((AC9/AB9-1.2)*0.1+1.2>1.3,1.3,(AC9/AB9-1.2)*0.1+1.2),AC9/AB9) -> 1.0027299 | AF9: =SUM(AF10:AF19) -> 13660 | AG9: =SUM(AG10:AG19) -> 8548 | AH9: =IF(AF9/AG9>1.2,IF((AF9/AG9-1.2)*0.1+1.2>1.3,1.3,(AF9/AG9-1.2)*0.1+1.2),AF9/AG9) -> 1.2398035 | AK9: =SUM(AK10:AK19) -> 2400431 | AL9: =SUM(AL10:AL19) -> 2513042.6 | AM9: =SUM(AM10:AM19) -> 112611.6 | AN9: =SUM(AN10:AN19) -> 64591.5 | AO9: =SUM(AO10:AO19) -> 2448451.1 | AP9: =SUM(AP10:AP19) -> 175259.5 | AQ9: =SUM(AQ10:AQ19) -> 175259.7 | AR9: =SUM(AR10:AR19) -> 219413.6 | ... BA9: =SUM(BA10:BA19) -> -145790.7 | BF9: =SUM(BF10:BF19) -> -145790.7
A10: Самара | B10: 1 | C10: 10 | D10: 847938 | E10: 911012.8 | F10: =IF(G10=0,0,IF(D10=0,1,IF(E10<0,0,IF(E10/D10>1.2,IF((E10/D10-1.2)*0.1+1.2>1.3,1.3,(E10/D10-1.2)*0.1+1.2),E10/D10)))) -> 1.0743861 | G10: 15 | H10: 60 | I10: 65.9 | J10: =IF(K10=0,0,IF(H10=0,1,IF(I10<0,0,IF(I10/H10>1.2,IF((I10/H10-1.2)*0.1+1.2>1.3,1.3,(I10/H10-1.2)*0.1+1.2),I10/H10)))) -> 1.0983333 | K10: 20 | L10: 794689 | M10: 636229 | N10: =IF(O10=0,0,IF(L10=0,1,IF(M10<0,0,IF(M10/L10>1.2,IF((M10/L10-1.2)*0.1+1.2>1.3,1.3,(M10/L10-1.2)*0.1+1.2),M10/L10)))) -> 0.80060124 | O10: 15 | P10: Х | Q10: Х | R10: Х | S10: Х | T10: Х | U10: Х | V10: Х | W10: Х | X10: Х | Y10: Х | Z10: Х | AA10: Х | AB10: 356585 | AC10: 356619 | AD10: =IF(AE10=0,0,IF(AB10=0,1,IF(AC10<0,0,IF(AC10/AB10>1.2,IF((AC10/AB10-1.2)*0.1+1.2>1.3,1.3,(AC10/AB10-1.2)*0.1+1.2),AC10/AB10)))) -> 1.0000953 | AE10: 17 | AF10: 5500 | AG10: 3556 | AH10: =IF(AI10=0,0,IF(AG10=0,1.3,IF(AG10<0,0,IF(AF10/AG10>1.2,IF((AF10/AG10-1.2)*0.1+1.2>1.3,1.3,(AF10/AG10-1.2)*0.1+1.2),AF10/AG10)))) -> 1.2346682 | AI10: 3 | AJ10: =(B10*C10+F10*G10+J10*K10+N10*O10+AD10*AE10+AH10*AI10)/(C10+G10+K10+O10+AE10+AI10) -> 1.0099638 | AK10: 435592 | AL10: =ROUND(AJ10*AK10,1) -> 439932.1 | AM10: =AL10-AK10 -> 4340.1 | AO10: =AL10-AN10 -> 439932.1 | AP10: 33659.2 | AQ10: 33659.2 | AR10: 45951 | AS10: 37756.5 | AT10: 37756.6 | AU10: 35552.8 | AV10: 69435 | AW10: 41967.3 | AX10: 40850.7 | AY10: 49153.7 | AZ10: 42574.2 | BA10: =ROUND(AO10-SUM(AP10:AZ10),1) -> -28384.1 | BF10: =IF(AND(BA10>0,OR(BB10="+",BC10="+",BD10="+",BE10="+")),0,BA10) -> -28384.1
A11: Тольятти | B11: 1 | C11: 10 | D11: 375767 | E11: 416074.1 | F11: =IF(G11=0,0,IF(D11=0,1,IF(E11<0,0,IF(E11/D11>1.2,IF((E11/D11-1.2)*0.1+1.2>1.3,1.3,(E11/D11-1.2)*0.1+1.2),E11/D11)))) -> 1.1072662 | G11: 15 | H11: 60 | I11: 93.5 | J11: =IF(K11=0,0,IF(H11=0,1,IF(I11<0,0,IF(I11/H11>1.2,IF((I11/H11-1.2)*0.1+1.2>1.3,1.3,(I11/H11-1.2)*0.1+1.2),I11/H11)))) -> 1.2358333 | K11: 20 | L11: 177252 | M11: 118972 | N11: =IF(O11=0,0,IF(L11=0,1,IF(M11<0,0,IF(M11/L11>1.2,IF((M11/L11-1.2)*0.1+1.2>1.3,1.3,(M11/L11-1.2)*0.1+1.2),M11/L11)))) -> 0.67120258 | O11: 15 | P11: Х | Q11: Х | R11: Х | S11: Х | T11: Х | U11: Х | V11: Х | W11: Х | X11: Х | Y11: Х | Z11: Х | AA11: Х | AB11: 153912 | AC11: 154207 | AD11: =IF(AE11=0,0,IF(AB11=0,1,IF(AC11<0,0,IF(AC11/AB11>1.2,IF((AC11/AB11-1.2)*0.1+1.2>1.3,1.3,(AC11/AB11-1.2)*0.1+1.2),AC11/AB11)))) -> 1.0019167 | AE11: 17 | AF11: 5200 | AG11: 2975 | AH11: =IF(AI11=0,0,IF(AG11=0,1.3,IF(AG11<0,0,IF(AF11/AG11>1.2,IF((AF11/AG11-1.2)*0.1+1.2>1.3,1.3,(AF11/AG11-1.2)*0.1+1.2),AF11/AG11)))) -> 1.2547899 | AI11: 3 | AJ11: =(B11*C11+F11*G11+J11*K11+N11*O11+AD11*AE11+AH11*AI11)/(C11+G11+K11+O11+AE11+AI11) -> 1.0273831 | AK11: 933527 | AL11: =ROUND(AJ11*AK11,1) -> 959089.9 | AM11: =AL11-AK11 -> 25562.9 | AN11: 60591.5 | AO11: =AL11-AN11 -> 898498.4 | AP11: 71421 | AQ11: 71421 | AR11: 74646.3 | AS11: 59276.6 | AT11: 59276.5 | AU11: 130172.5 | AV11: 134228.8 | AW11: 94433.5 | AX11: 56912.3 | AY11: 120617.5 | AZ11: 93299.8 | BA11: =ROUND(AO11-SUM(AP11:AZ11),1) -> -67207.4 | BF11: =IF(AND(BA11>0,OR(BB11="+",BC11="+",BD11="+",BE11="+")),0,BA11) -> -67207.4
A12: Сызрань | B12: 1 | C12: 10 | D12: 114663 | E12: 128160.9 | F12: =IF(G12=0,0,IF(D12=0,1,IF(E12<0,0,IF(E12/D12>1.2,IF((E12/D12-1.2)*0.1+1.2>1.3,1.3,(E12/D12-1.2)*0.1+1.2),E12/D12)))) -> 1.117718 | G12: 15 | H12: 60 | I12: 80.5 | J12: =IF(K12=0,0,IF(H12=0,1,IF(I12<0,0,IF(I12/H12>1.2,IF((I12/H12-1.2)*0.1+1.2>1.3,1.3,(I12/H12-1.2)*0.1+1.2),I12/H12)))) -> 1.2141667 | K12: 20 | L12: 44203 | M12: 47606 | N12: =IF(O12=0,0,IF(L12=0,1,IF(M12<0,0,IF(M12/L12>1.2,IF((M12/L12-1.2)*0.1+1.2>1.3,1.3,(M12/L12-1.2)*0.1+1.2),M12/L12)))) -> 1.0769857 | O12: 15 | P12: Х | Q12: Х | R12: Х | S12: Х | T12: Х | U12: Х | V12: Х | W12: Х | X12: Х | Y12: Х | Z12: Х | AA12: Х | AB12: 22681 | AC12: 22734 | AD12: =IF(AE12=0,0,IF(AB12=0,1,IF(AC12<0,0,IF(AC12/AB12>1.2,IF((AC12/AB12-1.2)*0.1+1.2>1.3,1.3,(AC12/AB12-1.2)*0.1+1.2),AC12/AB12)))) -> 1.0023368 | AE12: 17 | AF12: 600 | AG12: 459 | AH12: =IF(AI12=0,0,IF(AG12=0,1.3,IF(AG12<0,0,IF(AF12/AG12>1.2,IF((AF12/AG12-1.2)*0.1+1.2>1.3,1.3,(AF12/AG12-1.2)*0.1+1.2),AF12/AG12)))) -> 1.210719 | AI12: 3 | AJ12: =(B12*C12+F12*G12+J12*K12+N12*O12+AD12*AE12+AH12*AI12)/(C12+G12+K12+O12+AE12+AI12) -> 1.0984471 | AK12: 279538 | AL12: =ROUND(AJ12*AK12,1) -> 307057.7 | AM12: =AL12-AK12 -> 27519.7 | AO12: =AL12-AN12 -> 307057.7 | AP12: 20718 | AQ12: 20718 | AR12: 25955.7 | AS12: 22463.9 | AT12: 22463.8 | AU12: 40200.3 | AV12: 41717.2 | AW12: 27748 | AX12: 34462 | AY12: 38040 | AZ12: 29448.6 | BA12: =ROUND(AO12-SUM(AP12:AZ12),1) -> -16877.8 | BF12: =IF(AND(BA12>0,OR(BB12="+",BC12="+",BD12="+",BE12="+")),0,BA12) -> -16877.8
A13: Новокуйбышевск | B13: 1 | C13: 10 | D13: 72195 | E13: 77651.5 | F13: =IF(G13=0,0,IF(D13=0,1,IF(E13<0,0,IF(E13/D13>1.2,IF((E13/D13-1.2)*0.1+1.2>1.3,1.3,(E13/D13-1.2)*0.1+1.2),E13/D13)))) -> 1.07558 | G13: 15 | H13: 60 | I13: 137.7 | J13: =IF(K13=0,0,IF(H13=0,1,IF(I13<0,0,IF(I13/H13>1.2,IF((I13/H13-1.2)*0.1+1.2>1.3,1.3,(I13/H13-1.2)*0.1+1.2),I13/H13)))) -> 1.3 | K13: 20 | L13: 29625 | M13: 24703 | N13: =IF(O13=0,0,IF(L13=0,1,IF(M13<0,0,IF(M13/L13>1.2,IF((M13/L13-1.2)*0.1+1.2>1.3,1.3,(M13/L13-1.2)*0.1+1.2),M13/L13)))) -> 0.83385654 | O13: 15 | P13: Х | Q13: Х | R13: Х | S13: Х | T13: Х | U13: Х | V13: Х | W13: Х | X13: Х | Y13: Х | Z13: Х | AA13: Х | AB13: 14508 | AC13: 14526 | AD13: =IF(AE13=0,0,IF(AB13=0,1,IF(AC13<0,0,IF(AC13/AB13>1.2,IF((AC13/AB13-1.2)*0.1+1.2>1.3,1.3,(AC13/AB13-1.2)*0.1+1.2),AC13/AB13)))) -> 1.0012407 | AE13: 17 | AF13: 400 | AG13: 225 | AH13: =IF(AI13=0,0,IF(AG13=0,1.3,IF(AG13<0,0,IF(AF13/AG13>1.2,IF((AF13/AG13-1.2)*0.1+1.2>1.3,1.3,(AF13/AG13-1.2)*0.1+1.2),AF13/AG13)))) -> 1.2577778 | AI13: 3 | AJ13: =(B13*C13+F13*G13+J13*K13+N13*O13+AD13*AE13+AH13*AI13)/(C13+G13+K13+O13+AE13+AI13) -> 1.0679497 | AK13: 123902 | AL13: =ROUND(AJ13*AK13,1) -> 132321.1 | AM13: =AL13-AK13 -> 8419.1 | AN13: 3308.7 | AO13: =AL13-AN13 -> 129012.4 | AP13: 8732.6 | AQ13: 8732.7 | AR13: 12721.4 | AS13: 10333.2 | AT13: 10957.2 | AU13: 10374.3 | AV13: 21579.4 | AW13: 12391.4 | AX13: 12632.5 | AY13: 12418.1 | AZ13: 12418.1 | BA13: =ROUND(AO13-SUM(AP13:AZ13),1) -> -4278.5 | BE13: + | BF13: =IF(AND(BA13>0,OR(BB13="+",BC13="+",BD13="+",BE13="+")),0,BA13) -> -4278.5
A14: Чапаевск | B14: 1 | C14: 10 | D14: 36744 | E14: 41252.3 | F14: =IF(G14=0,0,IF(D14=0,1,IF(E14<0,0,IF(E14/D14>1.2,IF((E14/D14-1.2)*0.1+1.2>1.3,1.3,(E14/D14-1.2)*0.1+1.2),E14/D14)))) -> 1.1226949 | G14: 15 | H14: 60 | I14: 64.8 | J14: =IF(K14=0,0,IF(H14=0,1,IF(I14<0,0,IF(I14/H14>1.2,IF((I14/H14-1.2)*0.1+1.2>1.3,1.3,(I14/H14-1.2)*0.1+1.2),I14/H14)))) -> 1.08 | K14: 20 | L14: 14735 | M14: 26665 | N14: =IF(O14=0,0,IF(L14=0,1,IF(M14<0,0,IF(M14/L14>1.2,IF((M14/L14-1.2)*0.1+1.2>1.3,1.3,(M14/L14-1.2)*0.1+1.2),M14/L14)))) -> 1.2609637 | O14: 15 | P14: Х | Q14: Х | R14: Х | S14: Х | T14: Х | U14: Х | V14: Х | W14: Х | X14: Х | Y14: Х | Z14: Х | AA14: Х | AB14: 6442 | AC14: 6612 | AD14: =IF(AE14=0,0,IF(AB14=0,1,IF(AC14<0,0,IF(AC14/AB14>1.2,IF((AC14/AB14-1.2)*0.1+1.2>1.3,1.3,(AC14/AB14-1.2)*0.1+1.2),AC14/AB14)))) -> 1.0263893 | AE14: 17 | AF14: 300 | AG14: 206 | AH14: =IF(AI14=0,0,IF(AG14=0,1.3,IF(AG14<0,0,IF(AF14/AG14>1.2,IF((AF14/AG14-1.2)*0.1+1.2>1.3,1.3,(AF14/AG14-1.2)*0.1+1.2),AF14/AG14)))) -> 1.2256311 | AI14: 3 | AJ14: =(B14*C14+F14*G14+J14*K14+N14*O14+AD14*AE14+AH14*AI14)/(C14+G14+K14+O14+AE14+AI14) -> 1.1060049 | AK14: 113936 | AL14: =ROUND(AJ14*AK14,1) -> 126013.8 | AM14: =AL14-AK14 -> 12077.8 | AO14: =AL14-AN14 -> 126013.8 | AP14: 9169.5 | AQ14: 9169.6 | AR14: 12405 | AS14: 10248 | AT14: 10248.1 | AU14: 10070.4 | AV14: 7920.3 | AW14: 9890.1 | AX14: 9561.6 | AY14: 21321.9 | AZ14: 11000.4 | BA14: =ROUND(AO14-SUM(AP14:AZ14),1) -> 5008.9 | BF14: =IF(AND(BA14>0,OR(BB14="+",BC14="+",BD14="+",BE14="+")),0,BA14) -> 5008.9
A15: Отрадный | B15: 1 | C15: 10 | D15: 35085 | E15: 38655.7 | F15: =IF(G15=0,0,IF(D15=0,1,IF(E15<0,0,IF(E15/D15>1.2,IF((E15/D15-1.2)*0.1+1.2>1.3,1.3,(E15/D15-1.2)*0.1+1.2),E15/D15)))) -> 1.1017728 | G15: 15 | H15: 60 | I15: 64.9 | J15: =IF(K15=0,0,IF(H15=0,1,IF(I15<0,0,IF(I15/H15>1.2,IF((I15/H15-1.2)*0.1+1.2>1.3,1.3,(I15/H15-1.2)*0.1+1.2),I15/H15)))) -> 1.0816667 | K15: 20 | L15: 11459 | M15: 11781 | N15: =IF(O15=0,0,IF(L15=0,1,IF(M15<0,0,IF(M15/L15>1.2,IF((M15/L15-1.2)*0.1+1.2>1.3,1.3,(M15/L15-1.2)*0.1+1.2),M15/L15)))) -> 1.0281002 | O15: 15 | P15: Х | Q15: Х | R15: Х | S15: Х | T15: Х | U15: Х | V15: Х | W15: Х | X15: Х | Y15: Х | Z15: Х | AA15: Х | AB15: 5724 | AC15: 5949 | AD15: =IF(AE15=0,0,IF(AB15=0,1,IF(AC15<0,0,IF(AC15/AB15>1.2,IF((AC15/AB15-1.2)*0.1+1.2>1.3,1.3,(AC15/AB15-1.2)*0.1+1.2),AC15/AB15)))) -> 1.0393082 | AE15: 17 | AF15: 260 | AG15: 196 | AH15: =IF(AI15=0,0,IF(AG15=0,1.3,IF(AG15<0,0,IF(AF15/AG15>1.2,IF((AF15/AG15-1.2)*0.1+1.2>1.3,1.3,(AF15/AG15-1.2)*0.1+1.2),AF15/AG15)))) -> 1.2126531 | AI15: 3 | AJ15: =(B15*C15+F15*G15+J15*K15+N15*O15+AD15*AE15+AH15*AI15)/(C15+G15+K15+O15+AE15+AI15) -> 1.0610953 | AK15: 60287 | AL15: =ROUND(AJ15*AK15,1) -> 63970.3 | AM15: =AL15-AK15 -> 3683.3 | AN15: 471.8 | AO15: =AL15-AN15 -> 63498.5 | AP15: 5234.6 | AQ15: 5234.7 | AR15: 5180.5 | AS15: 5373.9 | AT15: 5373.9 | AU15: 5655.4 | AV15: 10325.6 | AW15: 6121.4 | AX15: 8992.4 | AY15: 5036.7 | AZ15: 6300 | BA15: =ROUND(AO15-SUM(AP15:AZ15),1) -> -5330.6 | BF15: =IF(AND(BA15>0,OR(BB15="+",BC15="+",BD15="+",BE15="+")),0,BA15) -> -5330.6
A16: Жигулевск | B16: 1 | C16: 10 | D16: 35149 | E16: 39884.1 | F16: =IF(G16=0,0,IF(D16=0,1,IF(E16<0,0,IF(E16/D16>1.2,IF((E16/D16-1.2)*0.1+1.2>1.3,1.3,(E16/D16-1.2)*0.1+1.2),E16/D16)))) -> 1.1347151 | G16: 15 | H16: 60 | I16: 66.2 | J16: =IF(K16=0,0,IF(H16=0,1,IF(I16<0,0,IF(I16/H16>1.2,IF((I16/H16-1.2)*0.1+1.2>1.3,1.3,(I16/H16-1.2)*0.1+1.2),I16/H16)))) -> 1.1033333 | K16: 20 | L16: 14334 | M16: 14723 | N16: =IF(O16=0,0,IF(L16=0,1,IF(M16<0,0,IF(M16/L16>1.2,IF((M16/L16-1.2)*0.1+1.2>1.3,1.3,(M16/L16-1.2)*0.1+1.2),M16/L16)))) -> 1.0271383 | O16: 15 | P16: Х | Q16: Х | R16: Х | S16: Х | T16: Х | U16: Х | V16: Х | W16: Х | X16: Х | Y16: Х | Z16: Х | AA16: Х | AB16: 7263 | AC16: 7596 | AD16: =IF(AE16=0,0,IF(AB16=0,1,IF(AC16<0,0,IF(AC16/AB16>1.2,IF((AC16/AB16-1.2)*0.1+1.2>1.3,1.3,(AC16/AB16-1.2)*0.1+1.2),AC16/AB16)))) -> 1.0458488 | AE16: 17 | AF16: 500 | AG16: 335 | AH16: =IF(AI16=0,0,IF(AG16=0,1.3,IF(AG16<0,0,IF(AF16/AG16>1.2,IF((AF16/AG16-1.2)*0.1+1.2>1.3,1.3,(AF16/AG16-1.2)*0.1+1.2),AF16/AG16)))) -> 1.2292537 | AI16: 3 | AJ16: =(B16*C16+F16*G16+J16*K16+N16*O16+AD16*AE16+AH16*AI16)/(C16+G16+K16+O16+AE16+AI16) -> 1.0745207 | AK16: 121747 | AL16: =ROUND(AJ16*AK16,1) -> 130819.7 | AM16: =AL16-AK16 -> 9072.7 | AO16: =AL16-AN16 -> 130819.7 | AP16: 7924.2 | AQ16: 7924.2 | AR16: 14301.9 | AS16: 10050.2 | AT16: 10050.1 | AU16: 9007 | AV16: 14712.5 | AW16: 10567.2 | AX16: 8652.8 | AY16: 29852.7 | AZ16: 12304.3 | BA16: =ROUND(AO16-SUM(AP16:AZ16),1) -> -4527.4 | BF16: =IF(AND(BA16>0,OR(BB16="+",BC16="+",BD16="+",BE16="+")),0,BA16) -> -4527.4
A17: Октябрьск | B17: 1 | C17: 10 | D17: 12362 | E17: 14033.7 | F17: =IF(G17=0,0,IF(D17=0,1,IF(E17<0,0,IF(E17/D17>1.2,IF((E17/D17-1.2)*0.1+1.2>1.3,1.3,(E17/D17-1.2)*0.1+1.2),E17/D17)))) -> 1.1352289 | G17: 15 | H17: 60 | I17: 127.6 | J17: =IF(K17=0,0,IF(H17=0,1,IF(I17<0,0,IF(I17/H17>1.2,IF((I17/H17-1.2)*0.1+1.2>1.3,1.3,(I17/H17-1.2)*0.1+1.2),I17/H17)))) -> 1.2926667 | K17: 20 | L17: 7101 | M17: 5763 | N17: =IF(O17=0,0,IF(L17=0,1,IF(M17<0,0,IF(M17/L17>1.2,IF((M17/L17-1.2)*0.1+1.2>1.3,1.3,(M17/L17-1.2)*0.1+1.2),M17/L17)))) -> 0.81157583 | O17: 15 | P17: Х | Q17: Х | R17: Х | S17: Х | T17: Х | U17: Х | V17: Х | W17: Х | X17: Х | Y17: Х | Z17: Х | AA17: Х | AB17: 1854 | AC17: 2070 | AD17: =IF(AE17=0,0,IF(AB17=0,1,IF(AC17<0,0,IF(AC17/AB17>1.2,IF((AC17/AB17-1.2)*0.1+1.2>1.3,1.3,(AC17/AB17-1.2)*0.1+1.2),AC17/AB17)))) -> 1.1165049 | AE17: 17 | AF17: 300 | AG17: 200 | AH17: =IF(AI17=0,0,IF(AG17=0,1.3,IF(AG17<0,0,IF(AF17/AG17>1.2,IF((AF17/AG17-1.2)*0.1+1.2>1.3,1.3,(AF17/AG17-1.2)*0.1+1.2),AF17/AG17)))) -> 1.23 | AI17: 3 | AJ17: =(B17*C17+F17*G17+J17*K17+N17*O17+AD17*AE17+AH17*AI17)/(C17+G17+K17+O17+AE17+AI17) -> 1.0965748 | AK17: 157359 | AL17: =ROUND(AJ17*AK17,1) -> 172555.9 | AM17: =AL17-AK17 -> 15196.9 | AO17: =AL17-AN17 -> 172555.9 | AP17: 5843.1 | AQ17: 5843.1 | AR17: 7736 | AS17: 21908.4 | AT17: 10332.7 | AU17: 7195.4 | AV17: 16201.5 | AW17: 42156.3 | AX17: 13556.1 | AY17: 29286.2 | AZ17: 16005.9 | BA17: =ROUND(AO17-SUM(AP17:AZ17),1) -> -3508.8 | BF17: =IF(AND(BA17>0,OR(BB17="+",BC17="+",BD17="+",BE17="+")),0,BA17) -> -3508.8
A18: Кинель | B18: 1 | C18: 10 | D18: 41000 | E18: 45960.6 | F18: =IF(G18=0,0,IF(D18=0,1,IF(E18<0,0,IF(E18/D18>1.2,IF((E18/D18-1.2)*0.1+1.2>1.3,1.3,(E18/D18-1.2)*0.1+1.2),E18/D18)))) -> 1.1209902 | G18: 15 | H18: 60 | I18: 67.2 | J18: =IF(K18=0,0,IF(H18=0,1,IF(I18<0,0,IF(I18/H18>1.2,IF((I18/H18-1.2)*0.1+1.2>1.3,1.3,(I18/H18-1.2)*0.1+1.2),I18/H18)))) -> 1.12 | K18: 20 | L18: 57554 | M18: 60824 | N18: =IF(O18=0,0,IF(L18=0,1,IF(M18<0,0,IF(M18/L18>1.2,IF((M18/L18-1.2)*0.1+1.2>1.3,1.3,(M18/L18-1.2)*0.1+1.2),M18/L18)))) -> 1.0568162 | O18: 15 | P18: Х | Q18: Х | R18: Х | S18: Х | T18: Х | U18: Х | V18: Х | W18: Х | X18: Х | Y18: Х | Z18: Х | AA18: Х | AB18: 9525 | AC18: 9735 | AD18: =IF(AE18=0,0,IF(AB18=0,1,IF(AC18<0,0,IF(AC18/AB18>1.2,IF((AC18/AB18-1.2)*0.1+1.2>1.3,1.3,(AC18/AB18-1.2)*0.1+1.2),AC18/AB18)))) -> 1.0220472 | AE18: 17 | AF18: 400 | AG18: 271 | AH18: =IF(AI18=0,0,IF(AG18=0,1.3,IF(AG18<0,0,IF(AF18/AG18>1.2,IF((AF18/AG18-1.2)*0.1+1.2>1.3,1.3,(AF18/AG18-1.2)*0.1+1.2),AF18/AG18)))) -> 1.2276015 | AI18: 3 | AJ18: =(B18*C18+F18*G18+J18*K18+N18*O18+AD18*AE18+AH18*AI18)/(C18+G18+K18+O18+AE18+AI18) -> 1.0765588 | AK18: 104846 | AL18: =ROUND(AJ18*AK18,1) -> 112872.9 | AM18: =AL18-AK18 -> 8026.9 | AO18: =AL18-AN18 -> 112872.9 | AP18: 8204.9 | AQ18: 8204.9 | AR18: 13320.2 | AS18: 9910 | AT18: 9910 | AU18: 9978.8 | AV18: 16118.9 | AW18: 10806.8 | AX18: 11675.3 | AY18: 11892.3 | AZ18: 11002.3 | BA18: =ROUND(AO18-SUM(AP18:AZ18),1) -> -8151.5 | BF18: =IF(AND(BA18>0,OR(BB18="+",BC18="+",BD18="+",BE18="+")),0,BA18) -> -8151.5
A19: Похвистнево | B19: 1 | C19: 10 | D19: 17375 | E19: 19200.8 | F19: =IF(G19=0,0,IF(D19=0,1,IF(E19<0,0,IF(E19/D19>1.2,IF((E19/D19-1.2)*0.1+1.2>1.3,1.3,(E19/D19-1.2)*0.1+1.2),E19/D19)))) -> 1.105082 | G19: 15 | H19: 60 | I19: 85.8 | J19: =IF(K19=0,0,IF(H19=0,1,IF(I19<0,0,IF(I19/H19>1.2,IF((I19/H19-1.2)*0.1+1.2>1.3,1.3,(I19/H19-1.2)*0.1+1.2),I19/H19)))) -> 1.223 | K19: 20 | L19: 9745 | M19: 4267 | N19: =IF(O19=0,0,IF(L19=0,1,IF(M19<0,0,IF(M19/L19>1.2,IF((M19/L19-1.2)*0.1+1.2>1.3,1.3,(M19/L19-1.2)*0.1+1.2),M19/L19)))) -> 0.43786557 | O19: 15 | P19: Х | Q19: Х | R19: Х | S19: Х | T19: Х | U19: Х | V19: Х | W19: Х | X19: Х | Y19: Х | Z19: Х | AA19: Х | AB19: 2839 | AC19: 2872 | AD19: =IF(AE19=0,0,IF(AB19=0,1,IF(AC19<0,0,IF(AC19/AB19>1.2,IF((AC19/AB19-1.2)*0.1+1.2>1.3,1.3,(AC19/AB19-1.2)*0.1+1.2),AC19/AB19)))) -> 1.0116238 | AE19: 17 | AF19: 200 | AG19: 125 | AH19: =IF(AI19=0,0,IF(AG19=0,1.3,IF(AG19<0,0,IF(AF19/AG19>1.2,IF((AF19/AG19-1.2)*0.1+1.2>1.3,1.3,(AF19/AG19-1.2)*0.1+1.2),AF19/AG19)))) -> 1.24 | AI19: 3 | AJ19: =(B19*C19+F19*G19+J19*K19+N19*O19+AD19*AE19+AH19*AI19)/(C19+G19+K19+O19+AE19+AI19) -> 0.98152273 | AK19: 69697 | AL19: =ROUND(AJ19*AK19,1) -> 68409.2 | AM19: =AL19-AK19 -> -1287.8 | AN19: 219.5 | AO19: =AL19-AN19 -> 68189.7 | AP19: 4352.4 | AQ19: 4352.3 | AR19: 7195.6 | AS19: 5373.2 | AT19: 5373.2 | AU19: 5602.5 | AV19: 8509.5 | AW19: 5854.1 | AX19: 5903.3 | AY19: 20848.7 | AZ19: 7358.4 | BA19: =ROUND(AO19-SUM(AP19:AZ19),1) -> -12533.5 | BF19: =IF(AND(BA19>0,OR(BB19="+",BC19="+",BD19="+",BE19="+")),0,BA19) -> -12533.5
A20: Муниципальные районы | D20: =SUM(D21:D47) -> 316529 | E20: =SUM(E21:E47) -> 375454.7 | F20: =IF(E20/D20>1.2,IF((E20/D20-1.2)*0.1+1.2>1.3,1.3,(E20/D20-1.2)*0.1+1.2),E20/D20) -> 1.1861621 | L20: =SUM(L21:L47) -> 753963 | M20: =SUM(M21:M47) -> 929779 | N20: =IF(M20/L20>1.2,IF((M20/L20-1.2)*0.1+1.2>1.3,1.3,(M20/L20-1.2)*0.1+1.2),M20/L20) -> 1.2033189 | P20: =SUM(P21:P47) -> 2254.6 | Q20: =SUM(Q21:Q47) -> 3656 | R20: =IF(Q20/P20>1.2,IF((Q20/P20-1.2)*0.1+1.2>1.3,1.3,(Q20/P20-1.2)*0.1+1.2),Q20/P20) -> 1.2421574 | T20: =SUM(T21:T47) -> 451649.1 | U20: =SUM(U21:U47) -> 449437 | V20: =IF(U20/T20>1.2,IF((U20/T20-1.2)*0.1+1.2>1.3,1.3,(U20/T20-1.2)*0.1+1.2),U20/T20) -> 0.99510217 | X20: =SUM(X21:X47) -> 136665.4 | Y20: =SUM(Y21:Y47) -> 132919 | Z20: =IF(Y20/X20>1.2,IF((Y20/X20-1.2)*0.1+1.2>1.3,1.3,(Y20/X20-1.2)*0.1+1.2),Y20/X20) -> 0.97258706 | AB20: =SUM(AB21:AB47) -> 97139 | AC20: =SUM(AC21:AC47) -> 100059 | AD20: =IF(AC20/AB20>1.2,IF((AC20/AB20-1.2)*0.1+1.2>1.3,1.3,(AC20/AB20-1.2)*0.1+1.2),AC20/AB20) -> 1.03006 | AF20: =SUM(AF21:AF47) -> 5830 | AG20: =SUM(AG21:AG47) -> 3404 | AH20: =IF(AF20/AG20>1.2,IF((AF20/AG20-1.2)*0.1+1.2>1.3,1.3,(AF20/AG20-1.2)*0.1+1.2),AF20/AG20) -> 1.2512691 | AK20: =SUM(AK21:AK47) -> 1767514 | AL20: =SUM(AL21:AL47) -> 1924762.3 | AM20: =SUM(AM21:AM47) -> 157248.3 | AN20: =SUM(AN21:AN47) -> 41717.1 | AO20: =SUM(AO21:AO47) -> 1883045.2 | AP20: =SUM(AP21:AP47) -> 150687 | AQ20: =SUM(AQ21:AQ47) -> 150687 | AR20: =SUM(AR21:AR47) -> 161003.9 | ... BA20: =SUM(BA21:BA47) -> -75996 | BF20: =SUM(BF21:BF47) -> -75996
A21: Алексеевский | B21: 1 | C21: 10 | D21: 2500 | E21: 3014.9 | F21: =IF(G21=0,0,IF(D21=0,1,IF(E21<0,0,IF(E21/D21>1.2,IF((E21/D21-1.2)*0.1+1.2>1.3,1.3,(E21/D21-1.2)*0.1+1.2),E21/D21)))) -> 1.200596 | G21: 10 | H21: 60 | I21: 101.8 | J21: =IF(K21=0,0,IF(H21=0,1,IF(I21<0,0,IF(I21/H21>1.2,IF((I21/H21-1.2)*0.1+1.2>1.3,1.3,(I21/H21-1.2)*0.1+1.2),I21/H21)))) -> 1.2496667 | K21: 15 | L21: 3187 | M21: 550 | N21: =IF(O21=0,0,IF(L21=0,1,IF(M21<0,0,IF(M21/L21>1.2,IF((M21/L21-1.2)*0.1+1.2>1.3,1.3,(M21/L21-1.2)*0.1+1.2),M21/L21)))) -> 0.17257609 | O21: 5 | P21: 66.7 | Q21: 164.6 | R21: =IF(S21=0,0,IF(P21=0,1,IF(Q21<0,0,IF(Q21/P21>1.2,IF((Q21/P21-1.2)*0.1+1.2>1.3,1.3,(Q21/P21-1.2)*0.1+1.2),Q21/P21)))) -> 1.3 | S21: 10 | T21: 21878.8 | U21: 20811 | V21: =IF(W21=0,0,IF(T21=0,1,IF(U21<0,0,IF(U21/T21>1.2,IF((U21/T21-1.2)*0.1+1.2>1.3,1.3,(U21/T21-1.2)*0.1+1.2),U21/T21)))) -> 0.95119476 | W21: 10 | X21: 7235.1 | Y21: 4324 | Z21: =IF(AA21=0,0,IF(X21=0,1,IF(Y21<0,0,IF(Y21/X21>1.2,IF((Y21/X21-1.2)*0.1+1.2>1.3,1.3,(Y21/X21-1.2)*0.1+1.2),Y21/X21)))) -> 0.59764205 | AA21: 10 | AB21: 998 | AC21: 1062 | AD21: =IF(AE21=0,0,IF(AB21=0,1,IF(AC21<0,0,IF(AC21/AB21>1.2,IF((AC21/AB21-1.2)*0.1+1.2>1.3,1.3,(AC21/AB21-1.2)*0.1+1.2),AC21/AB21)))) -> 1.0641283 | AE21: 12 | AF21: 120 | AG21: 72 | AH21: =IF(AI21=0,0,IF(AG21=0,1.3,IF(AG21<0,0,IF(AF21/AG21>1.2,IF((AF21/AG21-1.2)*0.1+1.2>1.3,1.3,(AF21/AG21-1.2)*0.1+1.2),AF21/AG21)))) -> 1.2466667 | AI21: 3 | AJ21: =(B21*C21+F21*G21+J21*K21+N21*O21+R21*S21+V21*W21+Z21*AA21+AD21*AE21+AH21*AI21)/(C21+G21+K21+O21+S21+W21+AA21+AE21+AI21) -> 1.0189617 | AK21: 39752 | AL21: =ROUND(AJ21*AK21,1) -> 40505.8 | AM21: =AL21-AK21 -> 753.8 | AN21: 3490.2 | AO21: =AL21-AN21 -> 37015.6 | AP21: 3555.9 | AQ21: 3555.9 | AR21: 2480 | AS21: 2604.6 | AT21: 2604.6 | AU21: 1482 | AV21: 6503.5 | AW21: 3753.8 | AX21: 9395.4 | AY21: 4158.4 | AZ21: 4358.4 | BA21: =ROUND(AO21-SUM(AP21:AZ21),1) -> -7436.9 | BF21: =IF(AND(BA21>0,OR(BB21="+",BC21="+",BD21="+",BE21="+")),0,BA21) -> -7436.9
A22: Безенчукский | B22: 1 | C22: 10 | D22: 20063 | E22: 22743.2 | F22: =IF(G22=0,0,IF(D22=0,1,IF(E22<0,0,IF(E22/D22>1.2,IF((E22/D22-1.2)*0.1+1.2>1.3,1.3,(E22/D22-1.2)*0.1+1.2),E22/D22)))) -> 1.1335892 | G22: 10 | H22: 60 | I22: 115.6 | J22: =IF(K22=0,0,IF(H22=0,1,IF(I22<0,0,IF(I22/H22>1.2,IF((I22/H22-1.2)*0.1+1.2>1.3,1.3,(I22/H22-1.2)*0.1+1.2),I22/H22)))) -> 1.2726667 | K22: 15 | L22: 17956 | M22: 19626 | N22: =IF(O22=0,0,IF(L22=0,1,IF(M22<0,0,IF(M22/L22>1.2,IF((M22/L22-1.2)*0.1+1.2>1.3,1.3,(M22/L22-1.2)*0.1+1.2),M22/L22)))) -> 1.0930051 | O22: 5 | P22: 93.5 | Q22: 148.3 | R22: =IF(S22=0,0,IF(P22=0,1,IF(Q22<0,0,IF(Q22/P22>1.2,IF((Q22/P22-1.2)*0.1+1.2>1.3,1.3,(Q22/P22-1.2)*0.1+1.2),Q22/P22)))) -> 1.2386096 | S22: 10 | T22: 21632 | U22: 21656 | V22: =IF(W22=0,0,IF(T22=0,1,IF(U22<0,0,IF(U22/T22>1.2,IF((U22/T22-1.2)*0.1+1.2>1.3,1.3,(U22/T22-1.2)*0.1+1.2),U22/T22)))) -> 1.0011095 | W22: 10 | X22: 3364.5 | Y22: 3359 | Z22: =IF(AA22=0,0,IF(X22=0,1,IF(Y22<0,0,IF(Y22/X22>1.2,IF((Y22/X22-1.2)*0.1+1.2>1.3,1.3,(Y22/X22-1.2)*0.1+1.2),Y22/X22)))) -> 0.99836528 | AA22: 10 | AB22: 4554 | AC22: 4743 | AD22: =IF(AE22=0,0,IF(AB22=0,1,IF(AC22<0,0,IF(AC22/AB22>1.2,IF((AC22/AB22-1.2)*0.1+1.2>1.3,1.3,(AC22/AB22-1.2)*0.1+1.2),AC22/AB22)))) -> 1.041502 | AE22: 12 | AF22: 130 | AG22: 75 | AH22: =IF(AI22=0,0,IF(AG22=0,1.3,IF(AG22<0,0,IF(AF22/AG22>1.2,IF((AF22/AG22-1.2)*0.1+1.2>1.3,1.3,(AF22/AG22-1.2)*0.1+1.2),AF22/AG22)))) -> 1.2533333 | AI22: 3 | AJ22: =(B22*C22+F22*G22+J22*K22+N22*O22+R22*S22+V22*W22+Z22*AA22+AD22*AE22+AH22*AI22)/(C22+G22+K22+O22+S22+W22+AA22+AE22+AI22) -> 1.1121151 | AK22: 70755 | AL22: =ROUND(AJ22*AK22,1) -> 78687.7 | AM22: =AL22-AK22 -> 7932.7 | AO22: =AL22-AN22 -> 78687.7 | AP22: 6234.5 | AQ22: 6234.6 | AR22: 8949.7 | AS22: 7139.7 | AT22: 7139.5 | AU22: 7342.7 | AV22: 1733.8 | AW22: 6396.4 | AX22: 6589 | AY22: 16307.3 | AZ22: 7406.8 | BA22: =ROUND(AO22-SUM(AP22:AZ22),1) -> -2786.3 | BF22: =IF(AND(BA22>0,OR(BB22="+",BC22="+",BD22="+",BE22="+")),0,BA22) -> -2786.3
A23: Богатовский | B23: 1 | C23: 10 | D23: 5450 | E23: 6530.7 | F23: =IF(G23=0,0,IF(D23=0,1,IF(E23<0,0,IF(E23/D23>1.2,IF((E23/D23-1.2)*0.1+1.2>1.3,1.3,(E23/D23-1.2)*0.1+1.2),E23/D23)))) -> 1.1982936 | G23: 10 | H23: 60 | I23: 93.6 | J23: =IF(K23=0,0,IF(H23=0,1,IF(I23<0,0,IF(I23/H23>1.2,IF((I23/H23-1.2)*0.1+1.2>1.3,1.3,(I23/H23-1.2)*0.1+1.2),I23/H23)))) -> 1.236 | K23: 15 | L23: 8322 | M23: 4880 | N23: =IF(O23=0,0,IF(L23=0,1,IF(M23<0,0,IF(M23/L23>1.2,IF((M23/L23-1.2)*0.1+1.2>1.3,1.3,(M23/L23-1.2)*0.1+1.2),M23/L23)))) -> 0.5863975 | O23: 5 | P23: 51.2 | Q23: 67.8 | R23: =IF(S23=0,0,IF(P23=0,1,IF(Q23<0,0,IF(Q23/P23>1.2,IF((Q23/P23-1.2)*0.1+1.2>1.3,1.3,(Q23/P23-1.2)*0.1+1.2),Q23/P23)))) -> 1.2124219 | S23: 10 | T23: 16307.1 | U23: 16800 | V23: =IF(W23=0,0,IF(T23=0,1,IF(U23<0,0,IF(U23/T23>1.2,IF((U23/T23-1.2)*0.1+1.2>1.3,1.3,(U23/T23-1.2)*0.1+1.2),U23/T23)))) -> 1.0302261 | W23: 10 | X23: 2555.3 | Y23: 2550 | Z23: =IF(AA23=0,0,IF(X23=0,1,IF(Y23<0,0,IF(Y23/X23>1.2,IF((Y23/X23-1.2)*0.1+1.2>1.3,1.3,(Y23/X23-1.2)*0.1+1.2),Y23/X23)))) -> 0.99792588 | AA23: 10 | AB23: 1315 | AC23: 1435 | AD23: =IF(AE23=0,0,IF(AB23=0,1,IF(AC23<0,0,IF(AC23/AB23>1.2,IF((AC23/AB23-1.2)*0.1+1.2>1.3,1.3,(AC23/AB23-1.2)*0.1+1.2),AC23/AB23)))) -> 1.0912548 | AE23: 12 | AF23: 100 | AG23: 62 | AH23: =IF(AI23=0,0,IF(AG23=0,1.3,IF(AG23<0,0,IF(AF23/AG23>1.2,IF((AF23/AG23-1.2)*0.1+1.2>1.3,1.3,(AF23/AG23-1.2)*0.1+1.2),AF23/AG23)))) -> 1.2412903 | AI23: 3 | AJ23: =(B23*C23+F23*G23+J23*K23+N23*O23+R23*S23+V23*W23+Z23*AA23+AD23*AE23+AH23*AI23)/(C23+G23+K23+O23+S23+W23+AA23+AE23+AI23) -> 1.0903481 | AK23: 46977 | AL23: =ROUND(AJ23*AK23,1) -> 51221.3 | AM23: =AL23-AK23 -> 4244.3 | AO23: =AL23-AN23 -> 51221.3 | AP23: 4112.1 | AQ23: 4112.1 | AR23: 5540.7 | AS23: 4588.4 | AT23: 4588.3 | AU23: 5720.5 | AV23: 6583.1 | AW23: 5035 | AX23: 4383.2 | AY23: 5981.4 | AZ23: 5064.5 | BA23: =ROUND(AO23-SUM(AP23:AZ23),1) -> -4488 | BF23: =IF(AND(BA23>0,OR(BB23="+",BC23="+",BD23="+",BE23="+")),0,BA23) -> -4488
A24: Большеглушицкий | B24: 1 | C24: 10 | D24: 5493 | E24: 6916.8 | F24: =IF(G24=0,0,IF(D24=0,1,IF(E24<0,0,IF(E24/D24>1.2,IF((E24/D24-1.2)*0.1+1.2>1.3,1.3,(E24/D24-1.2)*0.1+1.2),E24/D24)))) -> 1.2059203 | G24: 10 | H24: 60 | I24: 162.5 | J24: =IF(K24=0,0,IF(H24=0,1,IF(I24<0,0,IF(I24/H24>1.2,IF((I24/H24-1.2)*0.1+1.2>1.3,1.3,(I24/H24-1.2)*0.1+1.2),I24/H24)))) -> 1.3 | K24: 15 | L24: 5255 | M24: 4174 | N24: =IF(O24=0,0,IF(L24=0,1,IF(M24<0,0,IF(M24/L24>1.2,IF((M24/L24-1.2)*0.1+1.2>1.3,1.3,(M24/L24-1.2)*0.1+1.2),M24/L24)))) -> 0.79429115 | O24: 5 | P24: 124 | Q24: 205.5 | R24: =IF(S24=0,0,IF(P24=0,1,IF(Q24<0,0,IF(Q24/P24>1.2,IF((Q24/P24-1.2)*0.1+1.2>1.3,1.3,(Q24/P24-1.2)*0.1+1.2),Q24/P24)))) -> 1.2457258 | S24: 10 | T24: 18010.1 | U24: 12746 | V24: =IF(W24=0,0,IF(T24=0,1,IF(U24<0,0,IF(U24/T24>1.2,IF((U24/T24-1.2)*0.1+1.2>1.3,1.3,(U24/T24-1.2)*0.1+1.2),U24/T24)))) -> 0.707714 | W24: 10 | X24: 4089.3 | Y24: 3809 | Z24: =IF(AA24=0,0,IF(X24=0,1,IF(Y24<0,0,IF(Y24/X24>1.2,IF((Y24/X24-1.2)*0.1+1.2>1.3,1.3,(Y24/X24-1.2)*0.1+1.2),Y24/X24)))) -> 0.93145526 | AA24: 10 | AB24: 2188 | AC24: 2262 | AD24: =IF(AE24=0,0,IF(AB24=0,1,IF(AC24<0,0,IF(AC24/AB24>1.2,IF((AC24/AB24-1.2)*0.1+1.2>1.3,1.3,(AC24/AB24-1.2)*0.1+1.2),AC24/AB24)))) -> 1.0338208 | AE24: 12 | AF24: 210 | AG24: 138 | AH24: =IF(AI24=0,0,IF(AG24=0,1.3,IF(AG24<0,0,IF(AF24/AG24>1.2,IF((AF24/AG24-1.2)*0.1+1.2>1.3,1.3,(AF24/AG24-1.2)*0.1+1.2),AF24/AG24)))) -> 1.2321739 | AI24: 3 | AJ24: =(B24*C24+F24*G24+J24*K24+N24*O24+R24*S24+V24*W24+Z24*AA24+AD24*AE24+AH24*AI24)/(C24+G24+K24+O24+S24+W24+AA24+AE24+AI24) -> 1.0644939 | AK24: 52481 | AL24: =ROUND(AJ24*AK24,1) -> 55865.7 | AM24: =AL24-AK24 -> 3384.7 | AN24: 1364.3 | AO24: =AL24-AN24 -> 54501.4 | AP24: 4605.5 | AQ24: 4605.6 | AR24: 5481 | AS24: 5068.3 | AT24: 5281.2 | AU24: 5547.5 | AV24: 7533.9 | AW24: 5641.1 | AX24: 6354.1 | AY24: 6546.3 | AZ24: 5802.9 | BA24: =ROUND(AO24-SUM(AP24:AZ24),1) -> -7966 | BF24: =IF(AND(BA24>0,OR(BB24="+",BC24="+",BD24="+",BE24="+")),0,BA24) -> -7966
A25: Большечерниговский | B25: 1 | C25: 10 | D25: 4433 | E25: 5047.8 | F25: =IF(G25=0,0,IF(D25=0,1,IF(E25<0,0,IF(E25/D25>1.2,IF((E25/D25-1.2)*0.1+1.2>1.3,1.3,(E25/D25-1.2)*0.1+1.2),E25/D25)))) -> 1.1386871 | G25: 10 | H25: 60 | I25: 124.3 | J25: =IF(K25=0,0,IF(H25=0,1,IF(I25<0,0,IF(I25/H25>1.2,IF((I25/H25-1.2)*0.1+1.2>1.3,1.3,(I25/H25-1.2)*0.1+1.2),I25/H25)))) -> 1.2871667 | K25: 15 | L25: 3832 | M25: 4422 | N25: =IF(O25=0,0,IF(L25=0,1,IF(M25<0,0,IF(M25/L25>1.2,IF((M25/L25-1.2)*0.1+1.2>1.3,1.3,(M25/L25-1.2)*0.1+1.2),M25/L25)))) -> 1.1539666 | O25: 5 | P25: 105.6 | Q25: 153.3 | R25: =IF(S25=0,0,IF(P25=0,1,IF(Q25<0,0,IF(Q25/P25>1.2,IF((Q25/P25-1.2)*0.1+1.2>1.3,1.3,(Q25/P25-1.2)*0.1+1.2),Q25/P25)))) -> 1.2251705 | S25: 10 | T25: 31270 | U25: 31302 | V25: =IF(W25=0,0,IF(T25=0,1,IF(U25<0,0,IF(U25/T25>1.2,IF((U25/T25-1.2)*0.1+1.2>1.3,1.3,(U25/T25-1.2)*0.1+1.2),U25/T25)))) -> 1.0010233 | W25: 10 | X25: 5565.5 | Y25: 5570 | Z25: =IF(AA25=0,0,IF(X25=0,1,IF(Y25<0,0,IF(Y25/X25>1.2,IF((Y25/X25-1.2)*0.1+1.2>1.3,1.3,(Y25/X25-1.2)*0.1+1.2),Y25/X25)))) -> 1.0008086 | AA25: 10 | AB25: 3227 | AC25: 3251 | AD25: =IF(AE25=0,0,IF(AB25=0,1,IF(AC25<0,0,IF(AC25/AB25>1.2,IF((AC25/AB25-1.2)*0.1+1.2>1.3,1.3,(AC25/AB25-1.2)*0.1+1.2),AC25/AB25)))) -> 1.0074372 | AE25: 12 | AF25: 240 | AG25: 152 | AH25: =IF(AI25=0,0,IF(AG25=0,1.3,IF(AG25<0,0,IF(AF25/AG25>1.2,IF((AF25/AG25-1.2)*0.1+1.2>1.3,1.3,(AF25/AG25-1.2)*0.1+1.2),AF25/AG25)))) -> 1.2378947 | AI25: 3 | AJ25: =(B25*C25+F25*G25+J25*K25+N25*O25+R25*S25+V25*W25+Z25*AA25+AD25*AE25+AH25*AI25)/(C25+G25+K25+O25+S25+W25+AA25+AE25+AI25) -> 1.1122019 | AK25: 56470 | AL25: =ROUND(AJ25*AK25,1) -> 62806 | AM25: =AL25-AK25 -> 6336 | AN25: 2481.7 | AO25: =AL25-AN25 -> 60324.3 | AP25: 5046.7 | AQ25: 5046.8 | AR25: 3858.4 | AS25: 3851.2 | AT25: 5071.1 | AU25: 0 | AV25: 7915.8 | AW25: 4753.1 | AX25: 13454.6 | AY25: 5720 | AZ25: 5719.9 | BA25: =ROUND(AO25-SUM(AP25:AZ25),1) -> -113.3 | BF25: =IF(AND(BA25>0,OR(BB25="+",BC25="+",BD25="+",BE25="+")),0,BA25) -> -113.3
A26: Борский | B26: 1 | C26: 10 | D26: 6177 | E26: 7731 | F26: =IF(G26=0,0,IF(D26=0,1,IF(E26<0,0,IF(E26/D26>1.2,IF((E26/D26-1.2)*0.1+1.2>1.3,1.3,(E26/D26-1.2)*0.1+1.2),E26/D26)))) -> 1.2051578 | G26: 10 | H26: 60 | I26: 143.2 | J26: =IF(K26=0,0,IF(H26=0,1,IF(I26<0,0,IF(I26/H26>1.2,IF((I26/H26-1.2)*0.1+1.2>1.3,1.3,(I26/H26-1.2)*0.1+1.2),I26/H26)))) -> 1.3 | K26: 15 | L26: 12473 | M26: 8006 | N26: =IF(O26=0,0,IF(L26=0,1,IF(M26<0,0,IF(M26/L26>1.2,IF((M26/L26-1.2)*0.1+1.2>1.3,1.3,(M26/L26-1.2)*0.1+1.2),M26/L26)))) -> 0.64186643 | O26: 5 | P26: 66.9 | Q26: 115.6 | R26: =IF(S26=0,0,IF(P26=0,1,IF(Q26<0,0,IF(Q26/P26>1.2,IF((Q26/P26-1.2)*0.1+1.2>1.3,1.3,(Q26/P26-1.2)*0.1+1.2),Q26/P26)))) -> 1.2527952 | S26: 10 | T26: 12961 | U26: 13095 | V26: =IF(W26=0,0,IF(T26=0,1,IF(U26<0,0,IF(U26/T26>1.2,IF((U26/T26-1.2)*0.1+1.2>1.3,1.3,(U26/T26-1.2)*0.1+1.2),U26/T26)))) -> 1.0103387 | W26: 10 | X26: 2870.9 | Y26: 2875 | Z26: =IF(AA26=0,0,IF(X26=0,1,IF(Y26<0,0,IF(Y26/X26>1.2,IF((Y26/X26-1.2)*0.1+1.2>1.3,1.3,(Y26/X26-1.2)*0.1+1.2),Y26/X26)))) -> 1.0014281 | AA26: 10 | AB26: 2129 | AC26: 2230 | AD26: =IF(AE26=0,0,IF(AB26=0,1,IF(AC26<0,0,IF(AC26/AB26>1.2,IF((AC26/AB26-1.2)*0.1+1.2>1.3,1.3,(AC26/AB26-1.2)*0.1+1.2),AC26/AB26)))) -> 1.0474401 | AE26: 12 | AF26: 250 | AG26: 176 | AH26: =IF(AI26=0,0,IF(AG26=0,1.3,IF(AG26<0,0,IF(AF26/AG26>1.2,IF((AF26/AG26-1.2)*0.1+1.2>1.3,1.3,(AF26/AG26-1.2)*0.1+1.2),AF26/AG26)))) -> 1.2220455 | AI26: 3 | AJ26: =(B26*C26+F26*G26+J26*K26+N26*O26+R26*S26+V26*W26+Z26*AA26+AD26*AE26+AH26*AI26)/(C26+G26+K26+O26+S26+W26+AA26+AE26+AI26) -> 1.10167 | AK26: 63836 | AL26: =ROUND(AJ26*AK26,1) -> 70326.2 | AM26: =AL26-AK26 -> 6490.2 | AO26: =AL26-AN26 -> 70326.2 | AP26: 5687.3 | AQ26: 5687.2 | AR26: 8405.1 | AS26: 6593.2 | AT26: 6593.2 | AU26: 7055 | AV26: 9172.4 | AW26: 7027.7 | AX26: 7322.8 | AY26: 7060.3 | AZ26: 7060.5 | BA26: =ROUND(AO26-SUM(AP26:AZ26),1) -> -7338.5 | BF26: =IF(AND(BA26>0,OR(BB26="+",BC26="+",BD26="+",BE26="+")),0,BA26) -> -7338.5
A27: Волжский | B27: 1 | C27: 10 | D27: 53531 | E27: 65428.2 | F27: =IF(G27=0,0,IF(D27=0,1,IF(E27<0,0,IF(E27/D27>1.2,IF((E27/D27-1.2)*0.1+1.2>1.3,1.3,(E27/D27-1.2)*0.1+1.2),E27/D27)))) -> 1.2022249 | G27: 10 | H27: 60 | I27: 78.8 | J27: =IF(K27=0,0,IF(H27=0,1,IF(I27<0,0,IF(I27/H27>1.2,IF((I27/H27-1.2)*0.1+1.2>1.3,1.3,(I27/H27-1.2)*0.1+1.2),I27/H27)))) -> 1.2113333 | K27: 15 | L27: 223649 | M27: 281064 | N27: =IF(O27=0,0,IF(L27=0,1,IF(M27<0,0,IF(M27/L27>1.2,IF((M27/L27-1.2)*0.1+1.2>1.3,1.3,(M27/L27-1.2)*0.1+1.2),M27/L27)))) -> 1.2056719 | O27: 5 | P27: 61 | Q27: 154.6 | R27: =IF(S27=0,0,IF(P27=0,1,IF(Q27<0,0,IF(Q27/P27>1.2,IF((Q27/P27-1.2)*0.1+1.2>1.3,1.3,(Q27/P27-1.2)*0.1+1.2),Q27/P27)))) -> 1.3 | S27: 10 | T27: 15111.2 | U27: 17083 | V27: =IF(W27=0,0,IF(T27=0,1,IF(U27<0,0,IF(U27/T27>1.2,IF((U27/T27-1.2)*0.1+1.2>1.3,1.3,(U27/T27-1.2)*0.1+1.2),U27/T27)))) -> 1.130486 | W27: 10 | X27: 4385.3 | Y27: 4392 | Z27: =IF(AA27=0,0,IF(X27=0,1,IF(Y27<0,0,IF(Y27/X27>1.2,IF((Y27/X27-1.2)*0.1+1.2>1.3,1.3,(Y27/X27-1.2)*0.1+1.2),Y27/X27)))) -> 1.0015278 | AA27: 10 | AB27: 17220 | AC27: 17430 | AD27: =IF(AE27=0,0,IF(AB27=0,1,IF(AC27<0,0,IF(AC27/AB27>1.2,IF((AC27/AB27-1.2)*0.1+1.2>1.3,1.3,(AC27/AB27-1.2)*0.1+1.2),AC27/AB27)))) -> 1.0121951 | AE27: 12 | AF27: 730 | AG27: 345 | AH27: =IF(AI27=0,0,IF(AG27=0,1.3,IF(AG27<0,0,IF(AF27/AG27>1.2,IF((AF27/AG27-1.2)*0.1+1.2>1.3,1.3,(AF27/AG27-1.2)*0.1+1.2),AF27/AG27)))) -> 1.2915942 | AI27: 3 | AJ27: =(B27*C27+F27*G27+J27*K27+N27*O27+R27*S27+V27*W27+Z27*AA27+AD27*AE27+AH27*AI27)/(C27+G27+K27+O27+S27+W27+AA27+AE27+AI27) -> 1.136022 | AK27: 154731 | AL27: =ROUND(AJ27*AK27,1) -> 175777.8 | AM27: =AL27-AK27 -> 21046.8 | AO27: =AL27-AN27 -> 175777.8 | AP27: 13402.5 | AQ27: 13402.6 | AR27: 15907.7 | AS27: 14237.7 | AT27: 14237.5 | AU27: 18781.9 | AV27: 25044.5 | AW27: 16430.5 | AX27: 21031.5 | AY27: 12278.8 | AZ27: 16475.5 | BA27: =ROUND(AO27-SUM(AP27:AZ27),1) -> -5452.9 | BF27: =IF(AND(BA27>0,OR(BB27="+",BC27="+",BD27="+",BE27="+")),0,BA27) -> -5452.9
A28: Елховский | B28: 1 | C28: 10 | D28: 2300 | E28: 3519.2 | F28: =IF(G28=0,0,IF(D28=0,1,IF(E28<0,0,IF(E28/D28>1.2,IF((E28/D28-1.2)*0.1+1.2>1.3,1.3,(E28/D28-1.2)*0.1+1.2),E28/D28)))) -> 1.2330087 | G28: 10 | H28: 60 | I28: 104 | J28: =IF(K28=0,0,IF(H28=0,1,IF(I28<0,0,IF(I28/H28>1.2,IF((I28/H28-1.2)*0.1+1.2>1.3,1.3,(I28/H28-1.2)*0.1+1.2),I28/H28)))) -> 1.2533333 | K28: 15 | L28: 3443 | M28: 2747 | N28: =IF(O28=0,0,IF(L28=0,1,IF(M28<0,0,IF(M28/L28>1.2,IF((M28/L28-1.2)*0.1+1.2>1.3,1.3,(M28/L28-1.2)*0.1+1.2),M28/L28)))) -> 0.79785071 | O28: 5 | P28: 62.6 | Q28: 91.4 | R28: =IF(S28=0,0,IF(P28=0,1,IF(Q28<0,0,IF(Q28/P28>1.2,IF((Q28/P28-1.2)*0.1+1.2>1.3,1.3,(Q28/P28-1.2)*0.1+1.2),Q28/P28)))) -> 1.2260064 | S28: 10 | T28: 6110.5 | U28: 6790 | V28: =IF(W28=0,0,IF(T28=0,1,IF(U28<0,0,IF(U28/T28>1.2,IF((U28/T28-1.2)*0.1+1.2>1.3,1.3,(U28/T28-1.2)*0.1+1.2),U28/T28)))) -> 1.111202 | W28: 10 | X28: 969.4 | Y28: 970 | Z28: =IF(AA28=0,0,IF(X28=0,1,IF(Y28<0,0,IF(Y28/X28>1.2,IF((Y28/X28-1.2)*0.1+1.2>1.3,1.3,(Y28/X28-1.2)*0.1+1.2),Y28/X28)))) -> 1.0006189 | AA28: 10 | AB28: 754 | AC28: 860 | AD28: =IF(AE28=0,0,IF(AB28=0,1,IF(AC28<0,0,IF(AC28/AB28>1.2,IF((AC28/AB28-1.2)*0.1+1.2>1.3,1.3,(AC28/AB28-1.2)*0.1+1.2),AC28/AB28)))) -> 1.1405836 | AE28: 12 | AF28: 80 | AG28: 46 | AH28: =IF(AI28=0,0,IF(AG28=0,1.3,IF(AG28<0,0,IF(AF28/AG28>1.2,IF((AF28/AG28-1.2)*0.1+1.2>1.3,1.3,(AF28/AG28-1.2)*0.1+1.2),AF28/AG28)))) -> 1.253913 | AI28: 3 | AJ28: =(B28*C28+F28*G28+J28*K28+N28*O28+R28*S28+V28*W28+Z28*AA28+AD28*AE28+AH28*AI28)/(C28+G28+K28+O28+S28+W28+AA28+AE28+AI28) -> 1.1287807 | AK28: 32960 | AL28: =ROUND(AJ28*AK28,1) -> 37204.6 | AM28: =AL28-AK28 -> 4244.6 | AO28: =AL28-AN28 -> 37204.6 | AP28: 2543.1 | AQ28: 2543.1 | AR28: 3110.2 | AS28: 2732.2 | AT28: 2732.1 | AU28: 2633.5 | AV28: 4337.5 | AW28: 2947.4 | AX28: 3955.6 | AY28: 7844.6 | AZ28: 3538 | BA28: =ROUND(AO28-SUM(AP28:AZ28),1) -> -1712.7 | BF28: =IF(AND(BA28>0,OR(BB28="+",BC28="+",BD28="+",BE28="+")),0,BA28) -> -1712.7
A29: Исаклинский | B29: 1 | C29: 10 | D29: 2916 | E29: 3573.1 | F29: =IF(G29=0,0,IF(D29=0,1,IF(E29<0,0,IF(E29/D29>1.2,IF((E29/D29-1.2)*0.1+1.2>1.3,1.3,(E29/D29-1.2)*0.1+1.2),E29/D29)))) -> 1.2025343 | G29: 10 | H29: 60 | I29: 126.6 | J29: =IF(K29=0,0,IF(H29=0,1,IF(I29<0,0,IF(I29/H29>1.2,IF((I29/H29-1.2)*0.1+1.2>1.3,1.3,(I29/H29-1.2)*0.1+1.2),I29/H29)))) -> 1.291 | K29: 15 | L29: 5895 | M29: 2432 | N29: =IF(O29=0,0,IF(L29=0,1,IF(M29<0,0,IF(M29/L29>1.2,IF((M29/L29-1.2)*0.1+1.2>1.3,1.3,(M29/L29-1.2)*0.1+1.2),M29/L29)))) -> 0.41255301 | O29: 5 | P29: 51.1 | Q29: 77.7 | R29: =IF(S29=0,0,IF(P29=0,1,IF(Q29<0,0,IF(Q29/P29>1.2,IF((Q29/P29-1.2)*0.1+1.2>1.3,1.3,(Q29/P29-1.2)*0.1+1.2),Q29/P29)))) -> 1.2320548 | S29: 10 | T29: 23602.8 | U29: 23703 | V29: =IF(W29=0,0,IF(T29=0,1,IF(U29<0,0,IF(U29/T29>1.2,IF((U29/T29-1.2)*0.1+1.2>1.3,1.3,(U29/T29-1.2)*0.1+1.2),U29/T29)))) -> 1.0042453 | W29: 10 | X29: 3039.9 | Y29: 3043 | Z29: =IF(AA29=0,0,IF(X29=0,1,IF(Y29<0,0,IF(Y29/X29>1.2,IF((Y29/X29-1.2)*0.1+1.2>1.3,1.3,(Y29/X29-1.2)*0.1+1.2),Y29/X29)))) -> 1.0010198 | AA29: 10 | AB29: 1588 | AC29: 1656 | AD29: =IF(AE29=0,0,IF(AB29=0,1,IF(AC29<0,0,IF(AC29/AB29>1.2,IF((AC29/AB29-1.2)*0.1+1.2>1.3,1.3,(AC29/AB29-1.2)*0.1+1.2),AC29/AB29)))) -> 1.0428212 | AE29: 12 | AF29: 150 | AG29: 97 | AH29: =IF(AI29=0,0,IF(AG29=0,1.3,IF(AG29<0,0,IF(AF29/AG29>1.2,IF((AF29/AG29-1.2)*0.1+1.2>1.3,1.3,(AF29/AG29-1.2)*0.1+1.2),AF29/AG29)))) -> 1.2346392 | AI29: 3 | AJ29: =(B29*C29+F29*G29+J29*K29+N29*O29+R29*S29+V29*W29+Z29*AA29+AD29*AE29+AH29*AI29)/(C29+G29+K29+O29+S29+W29+AA29+AE29+AI29) -> 1.0828715 | AK29: 55290 | AL29: =ROUND(AJ29*AK29,1) -> 59872 | AM29: =AL29-AK29 -> 4582 | AO29: =AL29-AN29 -> 59872 | AP29: 4966.7 | AQ29: 4966.8 | AR29: 2815.6 | AS29: 4249.7 | AT29: 4249.6 | AU29: 10490.9 | AV29: 8214.2 | AW29: 5707.7 | AX29: 9201.1 | AY29: 6095.7 | AZ29: 6095.9 | BA29: =ROUND(AO29-SUM(AP29:AZ29),1) -> -7181.9 | BF29: =IF(AND(BA29>0,OR(BB29="+",BC29="+",BD29="+",BE29="+")),0,BA29) -> -7181.9
A30: Камышлинский | B30: 1 | C30: 10 | D30: 2708 | E30: 3129.4 | F30: =IF(G30=0,0,IF(D30=0,1,IF(E30<0,0,IF(E30/D30>1.2,IF((E30/D30-1.2)*0.1+1.2>1.3,1.3,(E30/D30-1.2)*0.1+1.2),E30/D30)))) -> 1.155613 | G30: 10 | H30: 60 | I30: 91 | J30: =IF(K30=0,0,IF(H30=0,1,IF(I30<0,0,IF(I30/H30>1.2,IF((I30/H30-1.2)*0.1+1.2>1.3,1.3,(I30/H30-1.2)*0.1+1.2),I30/H30)))) -> 1.2316667 | K30: 15 | L30: 3564 | M30: 2708 | N30: =IF(O30=0,0,IF(L30=0,1,IF(M30<0,0,IF(M30/L30>1.2,IF((M30/L30-1.2)*0.1+1.2>1.3,1.3,(M30/L30-1.2)*0.1+1.2),M30/L30)))) -> 0.75982043 | O30: 5 | P30: 24.2 | Q30: 43.8 | R30: =IF(S30=0,0,IF(P30=0,1,IF(Q30<0,0,IF(Q30/P30>1.2,IF((Q30/P30-1.2)*0.1+1.2>1.3,1.3,(Q30/P30-1.2)*0.1+1.2),Q30/P30)))) -> 1.2609917 | S30: 10 | T30: 4268.7 | U30: 3535 | V30: =IF(W30=0,0,IF(T30=0,1,IF(U30<0,0,IF(U30/T30>1.2,IF((U30/T30-1.2)*0.1+1.2>1.3,1.3,(U30/T30-1.2)*0.1+1.2),U30/T30)))) -> 0.82812097 | W30: 10 | X30: 1237.9 | Y30: 912 | Z30: =IF(AA30=0,0,IF(X30=0,1,IF(Y30<0,0,IF(Y30/X30>1.2,IF((Y30/X30-1.2)*0.1+1.2>1.3,1.3,(Y30/X30-1.2)*0.1+1.2),Y30/X30)))) -> 0.73673156 | AA30: 10 | AB30: 774 | AC30: 950 | AD30: =IF(AE30=0,0,IF(AB30=0,1,IF(AC30<0,0,IF(AC30/AB30>1.2,IF((AC30/AB30-1.2)*0.1+1.2>1.3,1.3,(AC30/AB30-1.2)*0.1+1.2),AC30/AB30)))) -> 1.202739 | AE30: 12 | AF30: 110 | AG30: 56 | AH30: =IF(AI30=0,0,IF(AG30=0,1.3,IF(AG30<0,0,IF(AF30/AG30>1.2,IF((AF30/AG30-1.2)*0.1+1.2>1.3,1.3,(AF30/AG30-1.2)*0.1+1.2),AF30/AG30)))) -> 1.2764286 | AI30: 3 | AJ30: =(B30*C30+F30*G30+J30*K30+N30*O30+R30*S30+V30*W30+Z30*AA30+AD30*AE30+AH30*AI30)/(C30+G30+K30+O30+S30+W30+AA30+AE30+AI30) -> 1.0629509 | AK30: 41026 | AL30: =ROUND(AJ30*AK30,1) -> 43608.6 | AM30: =AL30-AK30 -> 2582.6 | AO30: =AL30-AN30 -> 43608.6 | AP30: 3001.6 | AQ30: 3001.7 | AR30: 3794 | AS30: 3265.7 | AT30: 3265.8 | AU30: 4229.1 | AV30: 4908.4 | AW30: 3637.9 | AX30: 4029.9 | AY30: 11049.8 | AZ30: 4418.3 | BA30: =ROUND(AO30-SUM(AP30:AZ30),1) -> -4993.6 | BF30: =IF(AND(BA30>0,OR(BB30="+",BC30="+",BD30="+",BE30="+")),0,BA30) -> -4993.6
A31: Кинельский | B31: 1 | C31: 10 | D31: 7700 | E31: 10193.5 | F31: =IF(G31=0,0,IF(D31=0,1,IF(E31<0,0,IF(E31/D31>1.2,IF((E31/D31-1.2)*0.1+1.2>1.3,1.3,(E31/D31-1.2)*0.1+1.2),E31/D31)))) -> 1.2123831 | G31: 10 | H31: 60 | I31: 52.7 | J31: =IF(K31=0,0,IF(H31=0,1,IF(I31<0,0,IF(I31/H31>1.2,IF((I31/H31-1.2)*0.1+1.2>1.3,1.3,(I31/H31-1.2)*0.1+1.2),I31/H31)))) -> 0.87833333 | K31: 15 | L31: 34620 | M31: 40582 | N31: =IF(O31=0,0,IF(L31=0,1,IF(M31<0,0,IF(M31/L31>1.2,IF((M31/L31-1.2)*0.1+1.2>1.3,1.3,(M31/L31-1.2)*0.1+1.2),M31/L31)))) -> 1.1722126 | O31: 5 | P31: 90.5 | Q31: 165.9 | R31: =IF(S31=0,0,IF(P31=0,1,IF(Q31<0,0,IF(Q31/P31>1.2,IF((Q31/P31-1.2)*0.1+1.2>1.3,1.3,(Q31/P31-1.2)*0.1+1.2),Q31/P31)))) -> 1.2633149 | S31: 10 | T31: 27778.3 | U31: 29485 | V31: =IF(W31=0,0,IF(T31=0,1,IF(U31<0,0,IF(U31/T31>1.2,IF((U31/T31-1.2)*0.1+1.2>1.3,1.3,(U31/T31-1.2)*0.1+1.2),U31/T31)))) -> 1.06144 | W31: 10 | X31: 12070.7 | Y31: 15012 | Z31: =IF(AA31=0,0,IF(X31=0,1,IF(Y31<0,0,IF(Y31/X31>1.2,IF((Y31/X31-1.2)*0.1+1.2>1.3,1.3,(Y31/X31-1.2)*0.1+1.2),Y31/X31)))) -> 1.2043673 | AA31: 10 | AB31: 4312 | AC31: 4326 | AD31: =IF(AE31=0,0,IF(AB31=0,1,IF(AC31<0,0,IF(AC31/AB31>1.2,IF((AC31/AB31-1.2)*0.1+1.2>1.3,1.3,(AC31/AB31-1.2)*0.1+1.2),AC31/AB31)))) -> 1.0032468 | AE31: 12 | AF31: 170 | AG31: 129 | AH31: =IF(AI31=0,0,IF(AG31=0,1.3,IF(AG31<0,0,IF(AF31/AG31>1.2,IF((AF31/AG31-1.2)*0.1+1.2>1.3,1.3,(AF31/AG31-1.2)*0.1+1.2),AF31/AG31)))) -> 1.2117829 | AI31: 3 | AJ31: =(B31*C31+F31*G31+J31*K31+N31*O31+R31*S31+V31*W31+Z31*AA31+AD31*AE31+AH31*AI31)/(C31+G31+K31+O31+S31+W31+AA31+AE31+AI31) -> 1.0838285 | AK31: 47138 | AL31: =ROUND(AJ31*AK31,1) -> 51089.5 | AM31: =AL31-AK31 -> 3951.5 | AO31: =AL31-AN31 -> 51089.5 | AP31: 4127.3 | AQ31: 4127.2 | AR31: 4871.9 | AS31: 4375.4 | AT31: 4375.5 | AU31: 4385.7 | AV31: 6310.2 | AW31: 4653.3 | AX31: 4628 | AY31: 4007.6 | AZ31: 4586.2 | BA31: =ROUND(AO31-SUM(AP31:AZ31),1) -> 641.2 | BF31: =IF(AND(BA31>0,OR(BB31="+",BC31="+",BD31="+",BE31="+")),0,BA31) -> 641.2
A32: Кинель-Черкасский | B32: 1 | C32: 10 | D32: 15870 | E32: 18232.5 | F32: =IF(G32=0,0,IF(D32=0,1,IF(E32<0,0,IF(E32/D32>1.2,IF((E32/D32-1.2)*0.1+1.2>1.3,1.3,(E32/D32-1.2)*0.1+1.2),E32/D32)))) -> 1.1488658 | G32: 10 | H32: 60 | I32: 154.2 | J32: =IF(K32=0,0,IF(H32=0,1,IF(I32<0,0,IF(I32/H32>1.2,IF((I32/H32-1.2)*0.1+1.2>1.3,1.3,(I32/H32-1.2)*0.1+1.2),I32/H32)))) -> 1.3 | K32: 15 | L32: 25389 | M32: 19997 | N32: =IF(O32=0,0,IF(L32=0,1,IF(M32<0,0,IF(M32/L32>1.2,IF((M32/L32-1.2)*0.1+1.2>1.3,1.3,(M32/L32-1.2)*0.1+1.2),M32/L32)))) -> 0.78762456 | O32: 5 | P32: 142.5 | Q32: 215.2 | R32: =IF(S32=0,0,IF(P32=0,1,IF(Q32<0,0,IF(Q32/P32>1.2,IF((Q32/P32-1.2)*0.1+1.2>1.3,1.3,(Q32/P32-1.2)*0.1+1.2),Q32/P32)))) -> 1.2310175 | S32: 10 | T32: 12062.1 | U32: 12064 | V32: =IF(W32=0,0,IF(T32=0,1,IF(U32<0,0,IF(U32/T32>1.2,IF((U32/T32-1.2)*0.1+1.2>1.3,1.3,(U32/T32-1.2)*0.1+1.2),U32/T32)))) -> 1.0001575 | W32: 10 | X32: 34750 | Y32: 39186 | Z32: =IF(AA32=0,0,IF(X32=0,1,IF(Y32<0,0,IF(Y32/X32>1.2,IF((Y32/X32-1.2)*0.1+1.2>1.3,1.3,(Y32/X32-1.2)*0.1+1.2),Y32/X32)))) -> 1.1276547 | AA32: 10 | AB32: 4606 | AC32: 4732 | AD32: =IF(AE32=0,0,IF(AB32=0,1,IF(AC32<0,0,IF(AC32/AB32>1.2,IF((AC32/AB32-1.2)*0.1+1.2>1.3,1.3,(AC32/AB32-1.2)*0.1+1.2),AC32/AB32)))) -> 1.0273556 | AE32: 12 | AF32: 190 | AG32: 135 | AH32: =IF(AI32=0,0,IF(AG32=0,1.3,IF(AG32<0,0,IF(AF32/AG32>1.2,IF((AF32/AG32-1.2)*0.1+1.2>1.3,1.3,(AF32/AG32-1.2)*0.1+1.2),AF32/AG32)))) -> 1.2207407 | AI32: 3 | AJ32: =(B32*C32+F32*G32+J32*K32+N32*O32+R32*S32+V32*W32+Z32*AA32+AD32*AE32+AH32*AI32)/(C32+G32+K32+O32+S32+W32+AA32+AE32+AI32) -> 1.1118302 | AK32: 92847 | AL32: =ROUND(AJ32*AK32,1) -> 103230.1 | AM32: =AL32-AK32 -> 10383.1 | AO32: =AL32-AN32 -> 103230.1 | AP32: 8227.2 | AQ32: 8227.2 | AR32: 8646 | AS32: 8366.8 | AT32: 8366.8 | AU32: 8733.7 | AV32: 14843.6 | AW32: 9344.5 | AX32: 9552 | AY32: 9367.6 | AZ32: 9367.5 | BA32: =ROUND(AO32-SUM(AP32:AZ32),1) -> 187.2 | BF32: =IF(AND(BA32>0,OR(BB32="+",BC32="+",BD32="+",BE32="+")),0,BA32) -> 187.2
A33: Клявлинский | B33: 1 | C33: 10 | D33: 3912 | E33: 4297.3 | F33: =IF(G33=0,0,IF(D33=0,1,IF(E33<0,0,IF(E33/D33>1.2,IF((E33/D33-1.2)*0.1+1.2>1.3,1.3,(E33/D33-1.2)*0.1+1.2),E33/D33)))) -> 1.0984918 | G33: 10 | H33: 60 | I33: 153 | J33: =IF(K33=0,0,IF(H33=0,1,IF(I33<0,0,IF(I33/H33>1.2,IF((I33/H33-1.2)*0.1+1.2>1.3,1.3,(I33/H33-1.2)*0.1+1.2),I33/H33)))) -> 1.3 | K33: 15 | L33: 4864 | M33: 2879 | N33: =IF(O33=0,0,IF(L33=0,1,IF(M33<0,0,IF(M33/L33>1.2,IF((M33/L33-1.2)*0.1+1.2>1.3,1.3,(M33/L33-1.2)*0.1+1.2),M33/L33)))) -> 0.59189967 | O33: 5 | P33: 42.5 | Q33: 61.3 | R33: =IF(S33=0,0,IF(P33=0,1,IF(Q33<0,0,IF(Q33/P33>1.2,IF((Q33/P33-1.2)*0.1+1.2>1.3,1.3,(Q33/P33-1.2)*0.1+1.2),Q33/P33)))) -> 1.2242353 | S33: 10 | T33: 6896.1 | U33: 6578 | V33: =IF(W33=0,0,IF(T33=0,1,IF(U33<0,0,IF(U33/T33>1.2,IF((U33/T33-1.2)*0.1+1.2>1.3,1.3,(U33/T33-1.2)*0.1+1.2),U33/T33)))) -> 0.95387248 | W33: 10 | X33: 1352.5 | Y33: 1190 | Z33: =IF(AA33=0,0,IF(X33=0,1,IF(Y33<0,0,IF(Y33/X33>1.2,IF((Y33/X33-1.2)*0.1+1.2>1.3,1.3,(Y33/X33-1.2)*0.1+1.2),Y33/X33)))) -> 0.87985213 | AA33: 10 | AB33: 1275 | AC33: 1351 | AD33: =IF(AE33=0,0,IF(AB33=0,1,IF(AC33<0,0,IF(AC33/AB33>1.2,IF((AC33/AB33-1.2)*0.1+1.2>1.3,1.3,(AC33/AB33-1.2)*0.1+1.2),AC33/AB33)))) -> 1.0596078 | AE33: 12 | AF33: 110 | AG33: 61 | AH33: =IF(AI33=0,0,IF(AG33=0,1.3,IF(AG33<0,0,IF(AF33/AG33>1.2,IF((AF33/AG33-1.2)*0.1+1.2>1.3,1.3,(AF33/AG33-1.2)*0.1+1.2),AF33/AG33)))) -> 1.2603279 | AI33: 3 | AJ33: =(B33*C33+F33*G33+J33*K33+N33*O33+R33*S33+V33*W33+Z33*AA33+AD33*AE33+AH33*AI33)/(C33+G33+K33+O33+S33+W33+AA33+AE33+AI33) -> 1.0649446 | AK33: 58706 | AL33: =ROUND(AJ33*AK33,1) -> 62518.6 | AM33: =AL33-AK33 -> 3812.6 | AN33: 4131.5 | AO33: =AL33-AN33 -> 58387.1 | AP33: 3691.4 | AQ33: 3691.3 | AR33: 2609.4 | AS33: 2715.6 | AT33: 2715.4 | AU33: 6045.9 | AV33: 5824.6 | AW33: 4489.2 | AX33: 4663 | AY33: 22947.2 | AZ33: 6352.4 | BA33: =ROUND(AO33-SUM(AP33:AZ33),1) -> -7358.3 | BF33: =IF(AND(BA33>0,OR(BB33="+",BC33="+",BD33="+",BE33="+")),0,BA33) -> -7358.3
A34: Кошкинский | B34: 1 | C34: 10 | D34: 12121 | E34: 13029.9 | F34: =IF(G34=0,0,IF(D34=0,1,IF(E34<0,0,IF(E34/D34>1.2,IF((E34/D34-1.2)*0.1+1.2>1.3,1.3,(E34/D34-1.2)*0.1+1.2),E34/D34)))) -> 1.0749856 | G34: 10 | H34: 60 | I34: 130.5 | J34: =IF(K34=0,0,IF(H34=0,1,IF(I34<0,0,IF(I34/H34>1.2,IF((I34/H34-1.2)*0.1+1.2>1.3,1.3,(I34/H34-1.2)*0.1+1.2),I34/H34)))) -> 1.2975 | K34: 15 | L34: 7316 | M34: 4787 | N34: =IF(O34=0,0,IF(L34=0,1,IF(M34<0,0,IF(M34/L34>1.2,IF((M34/L34-1.2)*0.1+1.2>1.3,1.3,(M34/L34-1.2)*0.1+1.2),M34/L34)))) -> 0.6543193 | O34: 5 | P34: 133.1 | Q34: 196 | R34: =IF(S34=0,0,IF(P34=0,1,IF(Q34<0,0,IF(Q34/P34>1.2,IF((Q34/P34-1.2)*0.1+1.2>1.3,1.3,(Q34/P34-1.2)*0.1+1.2),Q34/P34)))) -> 1.2272577 | S34: 10 | T34: 28394.6 | U34: 28093 | V34: =IF(W34=0,0,IF(T34=0,1,IF(U34<0,0,IF(U34/T34>1.2,IF((U34/T34-1.2)*0.1+1.2>1.3,1.3,(U34/T34-1.2)*0.1+1.2),U34/T34)))) -> 0.98937826 | W34: 10 | X34: 4110.6 | Y34: 3558 | Z34: =IF(AA34=0,0,IF(X34=0,1,IF(Y34<0,0,IF(Y34/X34>1.2,IF((Y34/X34-1.2)*0.1+1.2>1.3,1.3,(Y34/X34-1.2)*0.1+1.2),Y34/X34)))) -> 0.86556707 | AA34: 10 | AB34: 2764 | AC34: 2771 | AD34: =IF(AE34=0,0,IF(AB34=0,1,IF(AC34<0,0,IF(AC34/AB34>1.2,IF((AC34/AB34-1.2)*0.1+1.2>1.3,1.3,(AC34/AB34-1.2)*0.1+1.2),AC34/AB34)))) -> 1.0025326 | AE34: 12 | AF34: 190 | AG34: 120 | AH34: =IF(AI34=0,0,IF(AG34=0,1.3,IF(AG34<0,0,IF(AF34/AG34>1.2,IF((AF34/AG34-1.2)*0.1+1.2>1.3,1.3,(AF34/AG34-1.2)*0.1+1.2),AF34/AG34)))) -> 1.2383333 | AI34: 3 | AJ34: =(B34*C34+F34*G34+J34*K34+N34*O34+R34*S34+V34*W34+Z34*AA34+AD34*AE34+AH34*AI34)/(C34+G34+K34+O34+S34+W34+AA34+AE34+AI34) -> 1.0594279 | AK34: 61239 | AL34: =ROUND(AJ34*AK34,1) -> 64878.3 | AM34: =AL34-AK34 -> 3639.3 | AN34: 4713 | AO34: =AL34-AN34 -> 60165.3 | AP34: 5459.5 | AQ34: 5459.4 | AR34: 6181.1 | AS34: 4790 | AT34: 4790.1 | AU34: 5933.4 | AV34: 8641.1 | AW34: 6566.9 | AX34: 6707.9 | AY34: 7033.4 | AZ34: 6627.6 | BA34: =ROUND(AO34-SUM(AP34:AZ34),1) -> -8025.1 | BF34: =IF(AND(BA34>0,OR(BB34="+",BC34="+",BD34="+",BE34="+")),0,BA34) -> -8025.1
A35: Красноармейский | B35: 1 | C35: 10 | D35: 4799 | E35: 5110.8 | F35: =IF(G35=0,0,IF(D35=0,1,IF(E35<0,0,IF(E35/D35>1.2,IF((E35/D35-1.2)*0.1+1.2>1.3,1.3,(E35/D35-1.2)*0.1+1.2),E35/D35)))) -> 1.0649719 | G35: 10 | H35: 60 | I35: 124.6 | J35: =IF(K35=0,0,IF(H35=0,1,IF(I35<0,0,IF(I35/H35>1.2,IF((I35/H35-1.2)*0.1+1.2>1.3,1.3,(I35/H35-1.2)*0.1+1.2),I35/H35)))) -> 1.2876667 | K35: 15 | L35: 5958 | M35: 5871 | N35: =IF(O35=0,0,IF(L35=0,1,IF(M35<0,0,IF(M35/L35>1.2,IF((M35/L35-1.2)*0.1+1.2>1.3,1.3,(M35/L35-1.2)*0.1+1.2),M35/L35)))) -> 0.98539778 | O35: 5 | P35: 117.3 | Q35: 203.8 | R35: =IF(S35=0,0,IF(P35=0,1,IF(Q35<0,0,IF(Q35/P35>1.2,IF((Q35/P35-1.2)*0.1+1.2>1.3,1.3,(Q35/P35-1.2)*0.1+1.2),Q35/P35)))) -> 1.2537425 | S35: 10 | T35: 18188.8 | U35: 14959 | V35: =IF(W35=0,0,IF(T35=0,1,IF(U35<0,0,IF(U35/T35>1.2,IF((U35/T35-1.2)*0.1+1.2>1.3,1.3,(U35/T35-1.2)*0.1+1.2),U35/T35)))) -> 0.82242919 | W35: 10 | X35: 11382 | Y35: 8403 | Z35: =IF(AA35=0,0,IF(X35=0,1,IF(Y35<0,0,IF(Y35/X35>1.2,IF((Y35/X35-1.2)*0.1+1.2>1.3,1.3,(Y35/X35-1.2)*0.1+1.2),Y35/X35)))) -> 0.73827095 | AA35: 10 | AB35: 2218 | AC35: 2284 | AD35: =IF(AE35=0,0,IF(AB35=0,1,IF(AC35<0,0,IF(AC35/AB35>1.2,IF((AC35/AB35-1.2)*0.1+1.2>1.3,1.3,(AC35/AB35-1.2)*0.1+1.2),AC35/AB35)))) -> 1.0297565 | AE35: 12 | AF35: 160 | AG35: 98 | AH35: =IF(AI35=0,0,IF(AG35=0,1.3,IF(AG35<0,0,IF(AF35/AG35>1.2,IF((AF35/AG35-1.2)*0.1+1.2>1.3,1.3,(AF35/AG35-1.2)*0.1+1.2),AF35/AG35)))) -> 1.2432653 | AI35: 3 | AJ35: =(B35*C35+F35*G35+J35*K35+N35*O35+R35*S35+V35*W35+Z35*AA35+AD35*AE35+AH35*AI35)/(C35+G35+K35+O35+S35+W35+AA35+AE35+AI35) -> 1.048506 | AK35: 64459 | AL35: =ROUND(AJ35*AK35,1) -> 67585.6 | AM35: =AL35-AK35 -> 3126.6 | AO35: =AL35-AN35 -> 67585.6 | AP35: 5022 | AQ35: 5022 | AR35: 6660.3 | AS35: 5568.2 | AT35: 5568 | AU35: 6381 | AV35: 9815.2 | AW35: 6290.9 | AX35: 5565.4 | AY35: 7907.9 | AZ35: 6380.1 | BA35: =ROUND(AO35-SUM(AP35:AZ35),1) -> -2595.4 | BF35: =IF(AND(BA35>0,OR(BB35="+",BC35="+",BD35="+",BE35="+")),0,BA35) -> -2595.4
A36: Красноярский | B36: 1 | C36: 10 | D36: 34130 | E36: 39015.5 | F36: =IF(G36=0,0,IF(D36=0,1,IF(E36<0,0,IF(E36/D36>1.2,IF((E36/D36-1.2)*0.1+1.2>1.3,1.3,(E36/D36-1.2)*0.1+1.2),E36/D36)))) -> 1.1431439 | G36: 10 | H36: 60 | I36: 55.3 | J36: =IF(K36=0,0,IF(H36=0,1,IF(I36<0,0,IF(I36/H36>1.2,IF((I36/H36-1.2)*0.1+1.2>1.3,1.3,(I36/H36-1.2)*0.1+1.2),I36/H36)))) -> 0.92166667 | K36: 15 | L36: 114859 | M36: 174953 | N36: =IF(O36=0,0,IF(L36=0,1,IF(M36<0,0,IF(M36/L36>1.2,IF((M36/L36-1.2)*0.1+1.2>1.3,1.3,(M36/L36-1.2)*0.1+1.2),M36/L36)))) -> 1.2323198 | O36: 5 | P36: 66 | Q36: 108.4 | R36: =IF(S36=0,0,IF(P36=0,1,IF(Q36<0,0,IF(Q36/P36>1.2,IF((Q36/P36-1.2)*0.1+1.2>1.3,1.3,(Q36/P36-1.2)*0.1+1.2),Q36/P36)))) -> 1.2442424 | S36: 10 | T36: 18073.7 | U36: 19173 | V36: =IF(W36=0,0,IF(T36=0,1,IF(U36<0,0,IF(U36/T36>1.2,IF((U36/T36-1.2)*0.1+1.2>1.3,1.3,(U36/T36-1.2)*0.1+1.2),U36/T36)))) -> 1.0608232 | W36: 10 | X36: 4730 | Y36: 4083 | Z36: =IF(AA36=0,0,IF(X36=0,1,IF(Y36<0,0,IF(Y36/X36>1.2,IF((Y36/X36-1.2)*0.1+1.2>1.3,1.3,(Y36/X36-1.2)*0.1+1.2),Y36/X36)))) -> 0.86321353 | AA36: 10 | AB36: 10736 | AC36: 10956 | AD36: =IF(AE36=0,0,IF(AB36=0,1,IF(AC36<0,0,IF(AC36/AB36>1.2,IF((AC36/AB36-1.2)*0.1+1.2>1.3,1.3,(AC36/AB36-1.2)*0.1+1.2),AC36/AB36)))) -> 1.0204918 | AE36: 12 | AF36: 330 | AG36: 222 | AH36: =IF(AI36=0,0,IF(AG36=0,1.3,IF(AG36<0,0,IF(AF36/AG36>1.2,IF((AF36/AG36-1.2)*0.1+1.2>1.3,1.3,(AF36/AG36-1.2)*0.1+1.2),AF36/AG36)))) -> 1.2286486 | AI36: 3 | AJ36: =(B36*C36+F36*G36+J36*K36+N36*O36+R36*S36+V36*W36+Z36*AA36+AD36*AE36+AH36*AI36)/(C36+G36+K36+O36+S36+W36+AA36+AE36+AI36) -> 1.0474433 | AK36: 93993 | AL36: =ROUND(AJ36*AK36,1) -> 98452.3 | AM36: =AL36-AK36 -> 4459.3 | AN36: 5012 | AO36: =AL36-AN36 -> 93440.3 | AP36: 8250 | AQ36: 8250 | AR36: 8179.1 | AS36: 6851.4 | AT36: 8026.9 | AU36: 10162 | AV36: 3047.4 | AW36: 8254.1 | AX36: 9180.1 | AY36: 12907.1 | AZ36: 8812 | BA36: =ROUND(AO36-SUM(AP36:AZ36),1) -> 1520.2 | BF36: =IF(AND(BA36>0,OR(BB36="+",BC36="+",BD36="+",BE36="+")),0,BA36) -> 1520.2
A37: Нефтегорский | B37: 1 | C37: 10 | D37: 15580 | E37: 17214 | F37: =IF(G37=0,0,IF(D37=0,1,IF(E37<0,0,IF(E37/D37>1.2,IF((E37/D37-1.2)*0.1+1.2>1.3,1.3,(E37/D37-1.2)*0.1+1.2),E37/D37)))) -> 1.104878 | G37: 10 | H37: 60 | I37: 50.6 | J37: =IF(K37=0,0,IF(H37=0,1,IF(I37<0,0,IF(I37/H37>1.2,IF((I37/H37-1.2)*0.1+1.2>1.3,1.3,(I37/H37-1.2)*0.1+1.2),I37/H37)))) -> 0.84333333 | K37: 15 | L37: 9650 | M37: 9845 | N37: =IF(O37=0,0,IF(L37=0,1,IF(M37<0,0,IF(M37/L37>1.2,IF((M37/L37-1.2)*0.1+1.2>1.3,1.3,(M37/L37-1.2)*0.1+1.2),M37/L37)))) -> 1.0202073 | O37: 5 | P37: 75.7 | Q37: 135.6 | R37: =IF(S37=0,0,IF(P37=0,1,IF(Q37<0,0,IF(Q37/P37>1.2,IF((Q37/P37-1.2)*0.1+1.2>1.3,1.3,(Q37/P37-1.2)*0.1+1.2),Q37/P37)))) -> 1.2591281 | S37: 10 | T37: 9414.6 | U37: 9424 | V37: =IF(W37=0,0,IF(T37=0,1,IF(U37<0,0,IF(U37/T37>1.2,IF((U37/T37-1.2)*0.1+1.2>1.3,1.3,(U37/T37-1.2)*0.1+1.2),U37/T37)))) -> 1.0009984 | W37: 10 | X37: 2587.9 | Y37: 2590 | Z37: =IF(AA37=0,0,IF(X37=0,1,IF(Y37<0,0,IF(Y37/X37>1.2,IF((Y37/X37-1.2)*0.1+1.2>1.3,1.3,(Y37/X37-1.2)*0.1+1.2),Y37/X37)))) -> 1.0008115 | AA37: 10 | AB37: 2075 | AC37: 2188 | AD37: =IF(AE37=0,0,IF(AB37=0,1,IF(AC37<0,0,IF(AC37/AB37>1.2,IF((AC37/AB37-1.2)*0.1+1.2>1.3,1.3,(AC37/AB37-1.2)*0.1+1.2),AC37/AB37)))) -> 1.0544578 | AE37: 12 | AF37: 230 | AG37: 125 | AH37: =IF(AI37=0,0,IF(AG37=0,1.3,IF(AG37<0,0,IF(AF37/AG37>1.2,IF((AF37/AG37-1.2)*0.1+1.2>1.3,1.3,(AF37/AG37-1.2)*0.1+1.2),AF37/AG37)))) -> 1.264 | AI37: 3 | AJ37: =(B37*C37+F37*G37+J37*K37+N37*O37+R37*S37+V37*W37+Z37*AA37+AD37*AE37+AH37*AI37)/(C37+G37+K37+O37+S37+W37+AA37+AE37+AI37) -> 1.0335846 | AK37: 64873 | AL37: =ROUND(AJ37*AK37,1) -> 67051.7 | AM37: =AL37-AK37 -> 2178.7 | AO37: =AL37-AN37 -> 67051.7 | AP37: 5707.7 | AQ37: 5707.8 | AR37: 5867.8 | AS37: 5761.1 | AT37: 5761.1 | AU37: 5037.9 | AV37: 10814.8 | AW37: 6379.8 | AX37: 5135.4 | AY37: 4560.7 | AZ37: 6073.4 | BA37: =ROUND(AO37-SUM(AP37:AZ37),1) -> 244.2 | BF37: =IF(AND(BA37>0,OR(BB37="+",BC37="+",BD37="+",BE37="+")),0,BA37) -> 244.2
A38: Пестравский | B38: 1 | C38: 10 | D38: 4373 | E38: 5328.6 | F38: =IF(G38=0,0,IF(D38=0,1,IF(E38<0,0,IF(E38/D38>1.2,IF((E38/D38-1.2)*0.1+1.2>1.3,1.3,(E38/D38-1.2)*0.1+1.2),E38/D38)))) -> 1.2018523 | G38: 10 | H38: 60 | I38: 101.6 | J38: =IF(K38=0,0,IF(H38=0,1,IF(I38<0,0,IF(I38/H38>1.2,IF((I38/H38-1.2)*0.1+1.2>1.3,1.3,(I38/H38-1.2)*0.1+1.2),I38/H38)))) -> 1.2493333 | K38: 15 | L38: 3733 | M38: 4267 | N38: =IF(O38=0,0,IF(L38=0,1,IF(M38<0,0,IF(M38/L38>1.2,IF((M38/L38-1.2)*0.1+1.2>1.3,1.3,(M38/L38-1.2)*0.1+1.2),M38/L38)))) -> 1.1430485 | O38: 5 | P38: 105.5 | Q38: 189.5 | R38: =IF(S38=0,0,IF(P38=0,1,IF(Q38<0,0,IF(Q38/P38>1.2,IF((Q38/P38-1.2)*0.1+1.2>1.3,1.3,(Q38/P38-1.2)*0.1+1.2),Q38/P38)))) -> 1.2596209 | S38: 10 | T38: 6877.6 | U38: 6009 | V38: =IF(W38=0,0,IF(T38=0,1,IF(U38<0,0,IF(U38/T38>1.2,IF((U38/T38-1.2)*0.1+1.2>1.3,1.3,(U38/T38-1.2)*0.1+1.2),U38/T38)))) -> 0.87370594 | W38: 10 | X38: 2303.9 | Y38: 1430 | Z38: =IF(AA38=0,0,IF(X38=0,1,IF(Y38<0,0,IF(Y38/X38>1.2,IF((Y38/X38-1.2)*0.1+1.2>1.3,1.3,(Y38/X38-1.2)*0.1+1.2),Y38/X38)))) -> 0.62068666 | AA38: 10 | AB38: 2426 | AC38: 2484 | AD38: =IF(AE38=0,0,IF(AB38=0,1,IF(AC38<0,0,IF(AC38/AB38>1.2,IF((AC38/AB38-1.2)*0.1+1.2>1.3,1.3,(AC38/AB38-1.2)*0.1+1.2),AC38/AB38)))) -> 1.0239077 | AE38: 12 | AF38: 190 | AG38: 81 | AH38: =IF(AI38=0,0,IF(AG38=0,1.3,IF(AG38<0,0,IF(AF38/AG38>1.2,IF((AF38/AG38-1.2)*0.1+1.2>1.3,1.3,(AF38/AG38-1.2)*0.1+1.2),AF38/AG38)))) -> 1.3 | AI38: 3 | AJ38: =(B38*C38+F38*G38+J38*K38+N38*O38+R38*S38+V38*W38+Z38*AA38+AD38*AE38+AH38*AI38)/(C38+G38+K38+O38+S38+W38+AA38+AE38+AI38) -> 1.0611858 | AK38: 37861 | AL38: =ROUND(AJ38*AK38,1) -> 40177.6 | AM38: =AL38-AK38 -> 2316.6 | AO38: =AL38-AN38 -> 40177.6 | AP38: 3361.4 | AQ38: 3361.3 | AR38: 1263.9 | AS38: 2662.2 | AT38: 2662.2 | AU38: 7985 | AV38: 5908.9 | AW38: 3886.4 | AX38: 0 | AY38: 3374.4 | AZ38: 3446.6 | BA38: =ROUND(AO38-SUM(AP38:AZ38),1) -> 2265.3 | BF38: =IF(AND(BA38>0,OR(BB38="+",BC38="+",BD38="+",BE38="+")),0,BA38) -> 2265.3
A39: Похвистневский | B39: 1 | C39: 10 | D39: 5509 | E39: 6287.1 | F39: =IF(G39=0,0,IF(D39=0,1,IF(E39<0,0,IF(E39/D39>1.2,IF((E39/D39-1.2)*0.1+1.2>1.3,1.3,(E39/D39-1.2)*0.1+1.2),E39/D39)))) -> 1.1412416 | G39: 10 | H39: 60 | I39: 111.2 | J39: =IF(K39=0,0,IF(H39=0,1,IF(I39<0,0,IF(I39/H39>1.2,IF((I39/H39-1.2)*0.1+1.2>1.3,1.3,(I39/H39-1.2)*0.1+1.2),I39/H39)))) -> 1.2653333 | K39: 15 | L39: 20507 | M39: 5318 | N39: =IF(O39=0,0,IF(L39=0,1,IF(M39<0,0,IF(M39/L39>1.2,IF((M39/L39-1.2)*0.1+1.2>1.3,1.3,(M39/L39-1.2)*0.1+1.2),M39/L39)))) -> 0.25932608 | O39: 5 | P39: 85.1 | Q39: 132.8 | R39: =IF(S39=0,0,IF(P39=0,1,IF(Q39<0,0,IF(Q39/P39>1.2,IF((Q39/P39-1.2)*0.1+1.2>1.3,1.3,(Q39/P39-1.2)*0.1+1.2),Q39/P39)))) -> 1.2360517 | S39: 10 | T39: 19994.1 | U39: 20014 | V39: =IF(W39=0,0,IF(T39=0,1,IF(U39<0,0,IF(U39/T39>1.2,IF((U39/T39-1.2)*0.1+1.2>1.3,1.3,(U39/T39-1.2)*0.1+1.2),U39/T39)))) -> 1.0009953 | W39: 10 | X39: 2550 | Y39: 2563 | Z39: =IF(AA39=0,0,IF(X39=0,1,IF(Y39<0,0,IF(Y39/X39>1.2,IF((Y39/X39-1.2)*0.1+1.2>1.3,1.3,(Y39/X39-1.2)*0.1+1.2),Y39/X39)))) -> 1.005098 | AA39: 10 | AB39: 2237 | AC39: 2341 | AD39: =IF(AE39=0,0,IF(AB39=0,1,IF(AC39<0,0,IF(AC39/AB39>1.2,IF((AC39/AB39-1.2)*0.1+1.2>1.3,1.3,(AC39/AB39-1.2)*0.1+1.2),AC39/AB39)))) -> 1.0464908 | AE39: 12 | AF39: 200 | AG39: 139 | AH39: =IF(AI39=0,0,IF(AG39=0,1.3,IF(AG39<0,0,IF(AF39/AG39>1.2,IF((AF39/AG39-1.2)*0.1+1.2>1.3,1.3,(AF39/AG39-1.2)*0.1+1.2),AF39/AG39)))) -> 1.2238849 | AI39: 3 | AJ39: =(B39*C39+F39*G39+J39*K39+N39*O39+R39*S39+V39*W39+Z39*AA39+AD39*AE39+AH39*AI39)/(C39+G39+K39+O39+S39+W39+AA39+AE39+AI39) -> 1.062824 | AK39: 86265 | AL39: =ROUND(AJ39*AK39,1) -> 91684.5 | AM39: =AL39-AK39 -> 5419.5 | AO39: =AL39-AN39 -> 91684.5 | AP39: 7710.5 | AQ39: 7710.6 | AR39: 7834.8 | AS39: 7752 | AT39: 7752 | AU39: 10476.5 | AV39: 13069.6 | AW39: 8900.9 | AX39: 10797.8 | AY39: 9111.6 | AZ39: 9111.6 | BA39: =ROUND(AO39-SUM(AP39:AZ39),1) -> -8543.4 | BF39: =IF(AND(BA39>0,OR(BB39="+",BC39="+",BD39="+",BE39="+")),0,BA39) -> -8543.4
A40: Приволжский | B40: 1 | C40: 10 | D40: 6173 | E40: 7537.3 | F40: =IF(G40=0,0,IF(D40=0,1,IF(E40<0,0,IF(E40/D40>1.2,IF((E40/D40-1.2)*0.1+1.2>1.3,1.3,(E40/D40-1.2)*0.1+1.2),E40/D40)))) -> 1.2021011 | G40: 10 | H40: 60 | I40: 120.3 | J40: =IF(K40=0,0,IF(H40=0,1,IF(I40<0,0,IF(I40/H40>1.2,IF((I40/H40-1.2)*0.1+1.2>1.3,1.3,(I40/H40-1.2)*0.1+1.2),I40/H40)))) -> 1.2805 | K40: 15 | L40: 6727 | M40: 5747 | N40: =IF(O40=0,0,IF(L40=0,1,IF(M40<0,0,IF(M40/L40>1.2,IF((M40/L40-1.2)*0.1+1.2>1.3,1.3,(M40/L40-1.2)*0.1+1.2),M40/L40)))) -> 0.85431842 | O40: 5 | P40: 85.9 | Q40: 108.6 | R40: =IF(S40=0,0,IF(P40=0,1,IF(Q40<0,0,IF(Q40/P40>1.2,IF((Q40/P40-1.2)*0.1+1.2>1.3,1.3,(Q40/P40-1.2)*0.1+1.2),Q40/P40)))) -> 1.2064261 | S40: 10 | T40: 10125.8 | U40: 10127 | V40: =IF(W40=0,0,IF(T40=0,1,IF(U40<0,0,IF(U40/T40>1.2,IF((U40/T40-1.2)*0.1+1.2>1.3,1.3,(U40/T40-1.2)*0.1+1.2),U40/T40)))) -> 1.0001185 | W40: 10 | X40: 2500 | Y40: 2500 | Z40: =IF(AA40=0,0,IF(X40=0,1,IF(Y40<0,0,IF(Y40/X40>1.2,IF((Y40/X40-1.2)*0.1+1.2>1.3,1.3,(Y40/X40-1.2)*0.1+1.2),Y40/X40)))) -> 1 | AA40: 10 | AB40: 2290 | AC40: 2395 | AD40: =IF(AE40=0,0,IF(AB40=0,1,IF(AC40<0,0,IF(AC40/AB40>1.2,IF((AC40/AB40-1.2)*0.1+1.2>1.3,1.3,(AC40/AB40-1.2)*0.1+1.2),AC40/AB40)))) -> 1.0458515 | AE40: 12 | AF40: 280 | AG40: 127 | AH40: =IF(AI40=0,0,IF(AG40=0,1.3,IF(AG40<0,0,IF(AF40/AG40>1.2,IF((AF40/AG40-1.2)*0.1+1.2>1.3,1.3,(AF40/AG40-1.2)*0.1+1.2),AF40/AG40)))) -> 1.3 | AI40: 3 | AJ40: =(B40*C40+F40*G40+J40*K40+N40*O40+R40*S40+V40*W40+Z40*AA40+AD40*AE40+AH40*AI40)/(C40+G40+K40+O40+S40+W40+AA40+AE40+AI40) -> 1.1060678 | AK40: 78257 | AL40: =ROUND(AJ40*AK40,1) -> 86557.6 | AM40: =AL40-AK40 -> 8300.6 | AN40: 5408.9 | AO40: =AL40-AN40 -> 81148.7 | AP40: 5980.2 | AQ40: 5980.2 | AR40: 2951.8 | AS40: 3974 | AT40: 3974.1 | AU40: 9163.9 | AV40: 9532.4 | AW40: 6709.3 | AX40: 43.7 | AY40: 12763 | AZ40: 6648.2 | BA40: =ROUND(AO40-SUM(AP40:AZ40),1) -> 13427.9 | BF40: =IF(AND(BA40>0,OR(BB40="+",BC40="+",BD40="+",BE40="+")),0,BA40) -> 13427.9
A41: Сергиевский | B41: 1 | C41: 10 | D41: 18403 | E41: 21307.8 | F41: =IF(G41=0,0,IF(D41=0,1,IF(E41<0,0,IF(E41/D41>1.2,IF((E41/D41-1.2)*0.1+1.2>1.3,1.3,(E41/D41-1.2)*0.1+1.2),E41/D41)))) -> 1.1578438 | G41: 10 | H41: 60 | I41: 138.4 | J41: =IF(K41=0,0,IF(H41=0,1,IF(I41<0,0,IF(I41/H41>1.2,IF((I41/H41-1.2)*0.1+1.2>1.3,1.3,(I41/H41-1.2)*0.1+1.2),I41/H41)))) -> 1.3 | K41: 15 | L41: 18869 | M41: 22256 | N41: =IF(O41=0,0,IF(L41=0,1,IF(M41<0,0,IF(M41/L41>1.2,IF((M41/L41-1.2)*0.1+1.2>1.3,1.3,(M41/L41-1.2)*0.1+1.2),M41/L41)))) -> 1.1795008 | O41: 5 | P41: 110.5 | Q41: 187.3 | R41: =IF(S41=0,0,IF(P41=0,1,IF(Q41<0,0,IF(Q41/P41>1.2,IF((Q41/P41-1.2)*0.1+1.2>1.3,1.3,(Q41/P41-1.2)*0.1+1.2),Q41/P41)))) -> 1.2495023 | S41: 10 | T41: 11013.6 | U41: 9377 | V41: =IF(W41=0,0,IF(T41=0,1,IF(U41<0,0,IF(U41/T41>1.2,IF((U41/T41-1.2)*0.1+1.2>1.3,1.3,(U41/T41-1.2)*0.1+1.2),U41/T41)))) -> 0.8514019 | W41: 10 | X41: 2358.8 | Y41: 2060 | Z41: =IF(AA41=0,0,IF(X41=0,1,IF(Y41<0,0,IF(Y41/X41>1.2,IF((Y41/X41-1.2)*0.1+1.2>1.3,1.3,(Y41/X41-1.2)*0.1+1.2),Y41/X41)))) -> 0.87332542 | AA41: 10 | AB41: 4439 | AC41: 4480 | AD41: =IF(AE41=0,0,IF(AB41=0,1,IF(AC41<0,0,IF(AC41/AB41>1.2,IF((AC41/AB41-1.2)*0.1+1.2>1.3,1.3,(AC41/AB41-1.2)*0.1+1.2),AC41/AB41)))) -> 1.0092363 | AE41: 12 | AF41: 290 | AG41: 196 | AH41: =IF(AI41=0,0,IF(AG41=0,1.3,IF(AG41<0,0,IF(AF41/AG41>1.2,IF((AF41/AG41-1.2)*0.1+1.2>1.3,1.3,(AF41/AG41-1.2)*0.1+1.2),AF41/AG41)))) -> 1.2279592 | AI41: 3 | AJ41: =(B41*C41+F41*G41+J41*K41+N41*O41+R41*S41+V41*W41+Z41*AA41+AD41*AE41+AH41*AI41)/(C41+G41+K41+O41+S41+W41+AA41+AE41+AI41) -> 1.0883877 | AK41: 86004 | AL41: =ROUND(AJ41*AK41,1) -> 93605.7 | AM41: =AL41-AK41 -> 7601.7 | AO41: =AL41-AN41 -> 93605.7 | AP41: 7002.4 | AQ41: 7002.3 | AR41: 9943.2 | AS41: 7982.6 | AT41: 7982.7 | AU41: 8935.7 | AV41: 13741.9 | AW41: 8941.6 | AX41: 11917.9 | AY41: 9272.3 | AZ41: 9272.2 | BA41: =ROUND(AO41-SUM(AP41:AZ41),1) -> -8389.1 | BF41: =IF(AND(BA41>0,OR(BB41="+",BC41="+",BD41="+",BE41="+")),0,BA41) -> -8389.1
A42: Ставропольский | B42: 1 | C42: 10 | D42: 48717 | E42: 61467.6 | F42: =IF(G42=0,0,IF(D42=0,1,IF(E42<0,0,IF(E42/D42>1.2,IF((E42/D42-1.2)*0.1+1.2>1.3,1.3,(E42/D42-1.2)*0.1+1.2),E42/D42)))) -> 1.2061728 | G42: 10 | H42: 60 | I42: 76.8 | J42: =IF(K42=0,0,IF(H42=0,1,IF(I42<0,0,IF(I42/H42>1.2,IF((I42/H42-1.2)*0.1+1.2>1.3,1.3,(I42/H42-1.2)*0.1+1.2),I42/H42)))) -> 1.208 | K42: 15 | L42: 173388 | M42: 267812 | N42: =IF(O42=0,0,IF(L42=0,1,IF(M42<0,0,IF(M42/L42>1.2,IF((M42/L42-1.2)*0.1+1.2>1.3,1.3,(M42/L42-1.2)*0.1+1.2),M42/L42)))) -> 1.2344582 | O42: 5 | P42: 135 | Q42: 218.6 | R42: =IF(S42=0,0,IF(P42=0,1,IF(Q42<0,0,IF(Q42/P42>1.2,IF((Q42/P42-1.2)*0.1+1.2>1.3,1.3,(Q42/P42-1.2)*0.1+1.2),Q42/P42)))) -> 1.2419259 | S42: 10 | T42: 32094.4 | U42: 34160 | V42: =IF(W42=0,0,IF(T42=0,1,IF(U42<0,0,IF(U42/T42>1.2,IF((U42/T42-1.2)*0.1+1.2>1.3,1.3,(U42/T42-1.2)*0.1+1.2),U42/T42)))) -> 1.0643601 | W42: 10 | X42: 3737 | Y42: 4352 | Z42: =IF(AA42=0,0,IF(X42=0,1,IF(Y42<0,0,IF(Y42/X42>1.2,IF((Y42/X42-1.2)*0.1+1.2>1.3,1.3,(Y42/X42-1.2)*0.1+1.2),Y42/X42)))) -> 1.1645705 | AA42: 10 | AB42: 14079 | AC42: 14276 | AD42: =IF(AE42=0,0,IF(AB42=0,1,IF(AC42<0,0,IF(AC42/AB42>1.2,IF((AC42/AB42-1.2)*0.1+1.2>1.3,1.3,(AC42/AB42-1.2)*0.1+1.2),AC42/AB42)))) -> 1.0139925 | AE42: 12 | AF42: 750 | AG42: 370 | AH42: =IF(AI42=0,0,IF(AG42=0,1.3,IF(AG42<0,0,IF(AF42/AG42>1.2,IF((AF42/AG42-1.2)*0.1+1.2>1.3,1.3,(AF42/AG42-1.2)*0.1+1.2),AF42/AG42)))) -> 1.2827027 | AI42: 3 | AJ42: =(B42*C42+F42*G42+J42*K42+N42*O42+R42*S42+V42*W42+Z42*AA42+AD42*AE42+AH42*AI42)/(C42+G42+K42+O42+S42+W42+AA42+AE42+AI42) -> 1.1421012 | AK42: 105915 | AL42: =ROUND(AJ42*AK42,1) -> 120965.6 | AM42: =AL42-AK42 -> 15050.6 | AN42: 5658.7 | AO42: =AL42-AN42 -> 115306.9 | AP42: 9187.3 | AQ42: 9187.2 | AR42: 6567.9 | AS42: 6782.9 | AT42: 8014.7 | AU42: 5866.6 | AV42: 18504.6 | AW42: 9967.1 | AX42: 9460.1 | AY42: 8213.8 | AZ42: 9741.1 | BA42: =ROUND(AO42-SUM(AP42:AZ42),1) -> 13813.6 | BF42: =IF(AND(BA42>0,OR(BB42="+",BC42="+",BD42="+",BE42="+")),0,BA42) -> 13813.6
A43: Сызранский | B43: 1 | C43: 10 | D43: 9490 | E43: 11014.8 | F43: =IF(G43=0,0,IF(D43=0,1,IF(E43<0,0,IF(E43/D43>1.2,IF((E43/D43-1.2)*0.1+1.2>1.3,1.3,(E43/D43-1.2)*0.1+1.2),E43/D43)))) -> 1.1606744 | G43: 10 | H43: 60 | I43: 125.1 | J43: =IF(K43=0,0,IF(H43=0,1,IF(I43<0,0,IF(I43/H43>1.2,IF((I43/H43-1.2)*0.1+1.2>1.3,1.3,(I43/H43-1.2)*0.1+1.2),I43/H43)))) -> 1.2885 | K43: 15 | L43: 15307 | M43: 16074 | N43: =IF(O43=0,0,IF(L43=0,1,IF(M43<0,0,IF(M43/L43>1.2,IF((M43/L43-1.2)*0.1+1.2>1.3,1.3,(M43/L43-1.2)*0.1+1.2),M43/L43)))) -> 1.0501078 | O43: 5 | P43: 62 | Q43: 79.8 | R43: =IF(S43=0,0,IF(P43=0,1,IF(Q43<0,0,IF(Q43/P43>1.2,IF((Q43/P43-1.2)*0.1+1.2>1.3,1.3,(Q43/P43-1.2)*0.1+1.2),Q43/P43)))) -> 1.2087097 | S43: 10 | T43: 11373.4 | U43: 13741 | V43: =IF(W43=0,0,IF(T43=0,1,IF(U43<0,0,IF(U43/T43>1.2,IF((U43/T43-1.2)*0.1+1.2>1.3,1.3,(U43/T43-1.2)*0.1+1.2),U43/T43)))) -> 1.200817 | W43: 10 | X43: 2992.3 | Y43: 3007 | Z43: =IF(AA43=0,0,IF(X43=0,1,IF(Y43<0,0,IF(Y43/X43>1.2,IF((Y43/X43-1.2)*0.1+1.2>1.3,1.3,(Y43/X43-1.2)*0.1+1.2),Y43/X43)))) -> 1.0049126 | AA43: 10 | AB43: 3027 | AC43: 3190 | AD43: =IF(AE43=0,0,IF(AB43=0,1,IF(AC43<0,0,IF(AC43/AB43>1.2,IF((AC43/AB43-1.2)*0.1+1.2>1.3,1.3,(AC43/AB43-1.2)*0.1+1.2),AC43/AB43)))) -> 1.0538487 | AE43: 12 | AF43: 100 | AG43: 83 | AH43: =IF(AI43=0,0,IF(AG43=0,1.3,IF(AG43<0,0,IF(AF43/AG43>1.2,IF((AF43/AG43-1.2)*0.1+1.2>1.3,1.3,(AF43/AG43-1.2)*0.1+1.2),AF43/AG43)))) -> 1.2004819 | AI43: 3 | AJ43: =(B43*C43+F43*G43+J43*K43+N43*O43+R43*S43+V43*W43+Z43*AA43+AD43*AE43+AH43*AI43)/(C43+G43+K43+O43+S43+W43+AA43+AE43+AI43) -> 1.1361977 | AK43: 60283 | AL43: =ROUND(AJ43*AK43,1) -> 68493.4 | AM43: =AL43-AK43 -> 8210.4 | AO43: =AL43-AN43 -> 68493.4 | AP43: 5153.6 | AQ43: 5153.7 | AR43: 6297 | AS43: 5534.8 | AT43: 5534.8 | AU43: 6635.1 | AV43: 8748.3 | AW43: 6151.1 | AX43: 2285.2 | AY43: 14903.7 | AZ43: 6639.7 | BA43: =ROUND(AO43-SUM(AP43:AZ43),1) -> -4543.6 | BF43: =IF(AND(BA43>0,OR(BB43="+",BC43="+",BD43="+",BE43="+")),0,BA43) -> -4543.6
A44: Хворостянский | B44: 1 | C44: 10 | D44: 4223 | E44: 4801.2 | F44: =IF(G44=0,0,IF(D44=0,1,IF(E44<0,0,IF(E44/D44>1.2,IF((E44/D44-1.2)*0.1+1.2>1.3,1.3,(E44/D44-1.2)*0.1+1.2),E44/D44)))) -> 1.1369169 | G44: 10 | H44: 60 | I44: 108.6 | J44: =IF(K44=0,0,IF(H44=0,1,IF(I44<0,0,IF(I44/H44>1.2,IF((I44/H44-1.2)*0.1+1.2>1.3,1.3,(I44/H44-1.2)*0.1+1.2),I44/H44)))) -> 1.261 | K44: 15 | L44: 3264 | M44: 3712 | N44: =IF(O44=0,0,IF(L44=0,1,IF(M44<0,0,IF(M44/L44>1.2,IF((M44/L44-1.2)*0.1+1.2>1.3,1.3,(M44/L44-1.2)*0.1+1.2),M44/L44)))) -> 1.1372549 | O44: 5 | P44: 119.1 | Q44: 187.8 | R44: =IF(S44=0,0,IF(P44=0,1,IF(Q44<0,0,IF(Q44/P44>1.2,IF((Q44/P44-1.2)*0.1+1.2>1.3,1.3,(Q44/P44-1.2)*0.1+1.2),Q44/P44)))) -> 1.2376826 | S44: 10 | T44: 25887.2 | U44: 24947 | V44: =IF(W44=0,0,IF(T44=0,1,IF(U44<0,0,IF(U44/T44>1.2,IF((U44/T44-1.2)*0.1+1.2>1.3,1.3,(U44/T44-1.2)*0.1+1.2),U44/T44)))) -> 0.96368089 | W44: 10 | X44: 3635.8 | Y44: 3654 | Z44: =IF(AA44=0,0,IF(X44=0,1,IF(Y44<0,0,IF(Y44/X44>1.2,IF((Y44/X44-1.2)*0.1+1.2>1.3,1.3,(Y44/X44-1.2)*0.1+1.2),Y44/X44)))) -> 1.0050058 | AA44: 10 | AB44: 1702 | AC44: 1837 | AD44: =IF(AE44=0,0,IF(AB44=0,1,IF(AC44<0,0,IF(AC44/AB44>1.2,IF((AC44/AB44-1.2)*0.1+1.2>1.3,1.3,(AC44/AB44-1.2)*0.1+1.2),AC44/AB44)))) -> 1.0793184 | AE44: 12 | AF44: 170 | AG44: 58 | AH44: =IF(AI44=0,0,IF(AG44=0,1.3,IF(AG44<0,0,IF(AF44/AG44>1.2,IF((AF44/AG44-1.2)*0.1+1.2>1.3,1.3,(AF44/AG44-1.2)*0.1+1.2),AF44/AG44)))) -> 1.3 | AI44: 3 | AJ44: =(B44*C44+F44*G44+J44*K44+N44*O44+R44*S44+V44*W44+Z44*AA44+AD44*AE44+AH44*AI44)/(C44+G44+K44+O44+S44+W44+AA44+AE44+AI44) -> 1.1163054 | AK44: 55069 | AL44: =ROUND(AJ44*AK44,1) -> 61473.8 | AM44: =AL44-AK44 -> 6404.8 | AO44: =AL44-AN44 -> 61473.8 | AP44: 4574.4 | AQ44: 4574.3 | AR44: 5930.2 | AS44: 5026.4 | AT44: 5026.2 | AU44: 1118 | AV44: 8101.4 | AW44: 4907.3 | AX44: 8062.1 | AY44: 9483.5 | AZ44: 5680.4 | BA44: =ROUND(AO44-SUM(AP44:AZ44),1) -> -1010.4 | BF44: =IF(AND(BA44>0,OR(BB44="+",BC44="+",BD44="+",BE44="+")),0,BA44) -> -1010.4
A45: Челно-Вершинский | B45: 1 | C45: 10 | D45: 4210 | E45: 5053.1 | F45: =IF(G45=0,0,IF(D45=0,1,IF(E45<0,0,IF(E45/D45>1.2,IF((E45/D45-1.2)*0.1+1.2>1.3,1.3,(E45/D45-1.2)*0.1+1.2),E45/D45)))) -> 1.2000261 | G45: 10 | H45: 60 | I45: 138 | J45: =IF(K45=0,0,IF(H45=0,1,IF(I45<0,0,IF(I45/H45>1.2,IF((I45/H45-1.2)*0.1+1.2>1.3,1.3,(I45/H45-1.2)*0.1+1.2),I45/H45)))) -> 1.3 | K45: 15 | L45: 3815 | M45: 1283 | N45: =IF(O45=0,0,IF(L45=0,1,IF(M45<0,0,IF(M45/L45>1.2,IF((M45/L45-1.2)*0.1+1.2>1.3,1.3,(M45/L45-1.2)*0.1+1.2),M45/L45)))) -> 0.33630406 | O45: 5 | P45: 72.4 | Q45: 99 | R45: =IF(S45=0,0,IF(P45=0,1,IF(Q45<0,0,IF(Q45/P45>1.2,IF((Q45/P45-1.2)*0.1+1.2>1.3,1.3,(Q45/P45-1.2)*0.1+1.2),Q45/P45)))) -> 1.2167403 | S45: 10 | T45: 15408.7 | U45: 16740 | V45: =IF(W45=0,0,IF(T45=0,1,IF(U45<0,0,IF(U45/T45>1.2,IF((U45/T45-1.2)*0.1+1.2>1.3,1.3,(U45/T45-1.2)*0.1+1.2),U45/T45)))) -> 1.0863992 | W45: 10 | X45: 4854.5 | Y45: 2651 | Z45: =IF(AA45=0,0,IF(X45=0,1,IF(Y45<0,0,IF(Y45/X45>1.2,IF((Y45/X45-1.2)*0.1+1.2>1.3,1.3,(Y45/X45-1.2)*0.1+1.2),Y45/X45)))) -> 0.54609126 | AA45: 10 | AB45: 1220 | AC45: 1416 | AD45: =IF(AE45=0,0,IF(AB45=0,1,IF(AC45<0,0,IF(AC45/AB45>1.2,IF((AC45/AB45-1.2)*0.1+1.2>1.3,1.3,(AC45/AB45-1.2)*0.1+1.2),AC45/AB45)))) -> 1.1606557 | AE45: 12 | AF45: 120 | AG45: 84 | AH45: =IF(AI45=0,0,IF(AG45=0,1.3,IF(AG45<0,0,IF(AF45/AG45>1.2,IF((AF45/AG45-1.2)*0.1+1.2>1.3,1.3,(AF45/AG45-1.2)*0.1+1.2),AF45/AG45)))) -> 1.2228571 | AI45: 3 | AJ45: =(B45*C45+F45*G45+J45*K45+N45*O45+R45*S45+V45*W45+Z45*AA45+AD45*AE45+AH45*AI45)/(C45+G45+K45+O45+S45+W45+AA45+AE45+AI45) -> 1.0502415 | AK45: 49008 | AL45: =ROUND(AJ45*AK45,1) -> 51470.2 | AM45: =AL45-AK45 -> 2462.2 | AO45: =AL45-AN45 -> 51470.2 | AP45: 4184.4 | AQ45: 4184.3 | AR45: 5702.7 | AS45: 4690.5 | AT45: 4690.4 | AU45: 5579.9 | AV45: 6693.1 | AW45: 5103.6 | AX45: 5348.8 | AY45: 7546.9 | AZ45: 5372.5 | BA45: =ROUND(AO45-SUM(AP45:AZ45),1) -> -7626.9 | BF45: =IF(AND(BA45>0,OR(BB45="+",BC45="+",BD45="+",BE45="+")),0,BA45) -> -7626.9
A46: Шенталинский | B46: 1 | C46: 10 | D46: 6600 | E46: 7258.8 | F46: =IF(G46=0,0,IF(D46=0,1,IF(E46<0,0,IF(E46/D46>1.2,IF((E46/D46-1.2)*0.1+1.2>1.3,1.3,(E46/D46-1.2)*0.1+1.2),E46/D46)))) -> 1.0998182 | G46: 10 | H46: 60 | I46: 155.3 | J46: =IF(K46=0,0,IF(H46=0,1,IF(I46<0,0,IF(I46/H46>1.2,IF((I46/H46-1.2)*0.1+1.2>1.3,1.3,(I46/H46-1.2)*0.1+1.2),I46/H46)))) -> 1.3 | K46: 15 | L46: 5310 | M46: 1892 | N46: =IF(O46=0,0,IF(L46=0,1,IF(M46<0,0,IF(M46/L46>1.2,IF((M46/L46-1.2)*0.1+1.2>1.3,1.3,(M46/L46-1.2)*0.1+1.2),M46/L46)))) -> 0.35630885 | O46: 5 | P46: 40.2 | Q46: 53.3 | R46: =IF(S46=0,0,IF(P46=0,1,IF(Q46<0,0,IF(Q46/P46>1.2,IF((Q46/P46-1.2)*0.1+1.2>1.3,1.3,(Q46/P46-1.2)*0.1+1.2),Q46/P46)))) -> 1.2125871 | S46: 10 | T46: 13490.6 | U46: 13411 | V46: =IF(W46=0,0,IF(T46=0,1,IF(U46<0,0,IF(U46/T46>1.2,IF((U46/T46-1.2)*0.1+1.2>1.3,1.3,(U46/T46-1.2)*0.1+1.2),U46/T46)))) -> 0.9940996 | W46: 10 | X46: 2164.3 | Y46: 2358 | Z46: =IF(AA46=0,0,IF(X46=0,1,IF(Y46<0,0,IF(Y46/X46>1.2,IF((Y46/X46-1.2)*0.1+1.2>1.3,1.3,(Y46/X46-1.2)*0.1+1.2),Y46/X46)))) -> 1.0894978 | AA46: 10 | AB46: 1483 | AC46: 1557 | AD46: =IF(AE46=0,0,IF(AB46=0,1,IF(AC46<0,0,IF(AC46/AB46>1.2,IF((AC46/AB46-1.2)*0.1+1.2>1.3,1.3,(AC46/AB46-1.2)*0.1+1.2),AC46/AB46)))) -> 1.0498989 | AE46: 12 | AF46: 100 | AG46: 68 | AH46: =IF(AI46=0,0,IF(AG46=0,1.3,IF(AG46<0,0,IF(AF46/AG46>1.2,IF((AF46/AG46-1.2)*0.1+1.2>1.3,1.3,(AF46/AG46-1.2)*0.1+1.2),AF46/AG46)))) -> 1.2270588 | AI46: 3 | AJ46: =(B46*C46+F46*G46+J46*K46+N46*O46+R46*S46+V46*W46+Z46*AA46+AD46*AE46+AH46*AI46)/(C46+G46+K46+O46+S46+W46+AA46+AE46+AI46) -> 1.0767239 | AK46: 47827 | AL46: =ROUND(AJ46*AK46,1) -> 51496.5 | AM46: =AL46-AK46 -> 3669.5 | AN46: 4639.2 | AO46: =AL46-AN46 -> 46857.3 | AP46: 4214.5 | AQ46: 4214.6 | AR46: 5283.1 | AS46: 3868.4 | AT46: 3868.3 | AU46: 3966.2 | AV46: 6279.5 | AW46: 5190.6 | AX46: 4905.2 | AY46: 5867.4 | AZ46: 5229.7 | BA46: =ROUND(AO46-SUM(AP46:AZ46),1) -> -6030.2 | BF46: =IF(AND(BA46>0,OR(BB46="+",BC46="+",BD46="+",BE46="+")),0,BA46) -> -6030.2
A47: Шигонский | B47: 1 | C47: 10 | D47: 9148 | E47: 10670.6 | F47: =IF(G47=0,0,IF(D47=0,1,IF(E47<0,0,IF(E47/D47>1.2,IF((E47/D47-1.2)*0.1+1.2>1.3,1.3,(E47/D47-1.2)*0.1+1.2),E47/D47)))) -> 1.1664408 | G47: 10 | H47: 60 | I47: 91 | J47: =IF(K47=0,0,IF(H47=0,1,IF(I47<0,0,IF(I47/H47>1.2,IF((I47/H47-1.2)*0.1+1.2>1.3,1.3,(I47/H47-1.2)*0.1+1.2),I47/H47)))) -> 1.2316667 | K47: 15 | L47: 12811 | M47: 11895 | N47: =IF(O47=0,0,IF(L47=0,1,IF(M47<0,0,IF(M47/L47>1.2,IF((M47/L47-1.2)*0.1+1.2>1.3,1.3,(M47/L47-1.2)*0.1+1.2),M47/L47)))) -> 0.92849895 | O47: 5 | P47: 64.5 | Q47: 90.5 | R47: =IF(S47=0,0,IF(P47=0,1,IF(Q47<0,0,IF(Q47/P47>1.2,IF((Q47/P47-1.2)*0.1+1.2>1.3,1.3,(Q47/P47-1.2)*0.1+1.2),Q47/P47)))) -> 1.2203101 | S47: 10 | T47: 13423.3 | U47: 13614 | V47: =IF(W47=0,0,IF(T47=0,1,IF(U47<0,0,IF(U47/T47>1.2,IF((U47/T47-1.2)*0.1+1.2>1.3,1.3,(U47/T47-1.2)*0.1+1.2),U47/T47)))) -> 1.0142066 | W47: 10 | X47: 3272 | Y47: 2518 | Z47: =IF(AA47=0,0,IF(X47=0,1,IF(Y47<0,0,IF(Y47/X47>1.2,IF((Y47/X47-1.2)*0.1+1.2>1.3,1.3,(Y47/X47-1.2)*0.1+1.2),Y47/X47)))) -> 0.7695599 | AA47: 10 | AB47: 1503 | AC47: 1596 | AD47: =IF(AE47=0,0,IF(AB47=0,1,IF(AC47<0,0,IF(AC47/AB47>1.2,IF((AC47/AB47-1.2)*0.1+1.2>1.3,1.3,(AC47/AB47-1.2)*0.1+1.2),AC47/AB47)))) -> 1.0618762 | AE47: 12 | AF47: 130 | AG47: 89 | AH47: =IF(AI47=0,0,IF(AG47=0,1.3,IF(AG47<0,0,IF(AF47/AG47>1.2,IF((AF47/AG47-1.2)*0.1+1.2>1.3,1.3,(AF47/AG47-1.2)*0.1+1.2),AF47/AG47)))) -> 1.2260674 | AI47: 3 | AJ47: =(B47*C47+F47*G47+J47*K47+N47*O47+R47*S47+V47*W47+Z47*AA47+AD47*AE47+AH47*AI47)/(C47+G47+K47+O47+S47+W47+AA47+AE47+AI47) -> 1.0734516 | AK47: 63492 | AL47: =ROUND(AJ47*AK47,1) -> 68155.6 | AM47: =AL47-AK47 -> 4663.6 | AN47: 4817.6 | AO47: =AL47-AN47 -> 63338 | AP47: 5677.3 | AQ47: 5677.2 | AR47: 5871.3 | AS47: 4795.7 | AT47: 4795.8 | AU47: 6919.6 | AV47: 9214.6 | AW47: 6824.2 | AX47: 5115.7 | AY47: 6344.3 | AZ47: 6605.4 | BA47: =ROUND(AO47-SUM(AP47:AZ47),1) -> -4503.1 | BF47: =IF(AND(BA47>0,OR(BB47="+",BC47="+",BD47="+",BE47="+")),0,BA47) -> -4503.1
A48: ИТОГО | D48: =D9+D20 -> 1904807 | E48: =E9+E20 -> 2107341.2 | F48: =IF(E48/D48>1.2,IF((E48/D48-1.2)*0.1+1.2>1.3,1.3,(E48/D48-1.2)*0.1+1.2),E48/D48) -> 1.1063279 | L48: =L9+L20 -> 1914660 | M48: =M9+M20 -> 1881312 | N48: =IF(M48/L48>1.2,IF((M48/L48-1.2)*0.1+1.2>1.3,1.3,(M48/L48-1.2)*0.1+1.2),M48/L48) -> 0.98258281 | P48: =P20 -> 2254.6 | Q48: =Q20 -> 3656 | R48: =IF(Q48/P48>1.2,IF((Q48/P48-1.2)*0.1+1.2>1.3,1.3,(Q48/P48-1.2)*0.1+1.2),Q48/P48) -> 1.2421574 | T48: =T20 -> 451649.1 | U48: =U20 -> 449437 | V48: =IF(U48/T48>1.2,IF((U48/T48-1.2)*0.1+1.2>1.3,1.3,(U48/T48-1.2)*0.1+1.2),U48/T48) -> 0.99510217 | X48: =X20 -> 136665.4 | Y48: =Y20 -> 132919 | Z48: =IF(Y48/X48>1.2,IF((Y48/X48-1.2)*0.1+1.2>1.3,1.3,(Y48/X48-1.2)*0.1+1.2),Y48/X48) -> 0.97258706 | AB48: =AB9+AB20 -> 678472 | AC48: =AC9+AC20 -> 682979 | AD48: =IF(AC48/AB48>1.2,IF((AC48/AB48-1.2)*0.1+1.2>1.3,1.3,(AC48/AB48-1.2)*0.1+1.2),AC48/AB48) -> 1.0066429 | AF48: =AF9+AF20 -> 19490 | AG48: =AG9+AG20 -> 11952 | AH48: =IF(AF48/AG48>1.2,IF((AF48/AG48-1.2)*0.1+1.2>1.3,1.3,(AF48/AG48-1.2)*0.1+1.2),AF48/AG48) -> 1.2430689 | AJ48: =AL48/AK48 -> 1.0647465 | AK48: =AK9+AK20 -> 4167945 | AL48: =AL9+AL20 -> 4437804.9 | AM48: =AM9+AM20 -> 269859.9 | AN48: =AN9+AN20 -> 106308.6 | AO48: =AO9+AO20 -> 4331496.3 | AP48: =AP9+AP20 -> 325946.5 | AQ48: =AQ9+AQ20 -> 325946.7 | AR48: =AR9+AR20 -> 380417.5 | ... BA48: =BA9+BA20 -> -221786.7 | BB48: =COUNTIF(BB10:BB47,"+") -> 0 | BC48: =COUNTIF(BC10:BC47,"+") -> 0 | BD48: =COUNTIF(BD10:BD47,"+") -> 0 | BE48: =COUNTIF(BE10:BE47,"+") -> 1 | BF48: =BF9+BF20 -> -221786.7
B50: * | D50: - на муниципальное образование распространяется соответствующее ограничение
C51: + | D51: - условие предоставления дотации не выполнено

Sheet Плюсы и минусы
A1: Факторный анализ влияния отдельных показателей на итоговое распределение за 2022 год
AD2: тыс. рублей
A3: Наименование муниципального образования | B3: +/- по итогам отчётного периода | C3: Отсутствие просроченной кредиторской задолженности бюджета городского округа, консолидированного бюджета городского округа с внутригородским делением, консолидированного бюджета муниципального района по состоянию на конец отчетного периода | F3: Объем алкогольной продукции, зафиксированный в единой государственной автоматизированной информационной системе | I3: Эффективность вовлечения объектов недвижимости в налоговый оборот | L3: Общая площадь введенного в эксплуатацию жилья с учетом индивидуального жилищного строительства | O3: Валовой сбор зерна в весе после доработки | R3: Производство молока во всех категориях хозяйств | U3: Производство скота и птицы на убой (в живом весе) во всех категориях хозяйств | X3: Численность занятых в сфере малого и среднего предпринимательства | AA3: Численность официально зарегистрированных безработных граждан (в среднем за год) | AD3: Общая сумма весов влияния
C4: Отклонение от прогноза | D4: Вес влияния на результат | E4: + / - (5)=(2)*(4)/(30) | F4: Отклонение от прогноза | G4: Вес влияния на результат | H4: + / - (8)=(2)*(7)/(30) | I4: Отклонение от прогноза | J4: Вес влияния на результат | K4: + / - (11)=(2)*(10)/(30) | L4: Отклонение от прогноза | M4: Вес влияния на результат | N4: + / - (14)=(2)*(13)/(30) | O4: Отклонение от прогноза | P4: Вес влияния на результат | Q4: + / - (17)=(2)*(16)/(30) | R4: Отклонение от прогноза | S4: Вес влияния на результат | T4: + / - (20)=(2)*(19)/(30) | U4: Отклонение от прогноза | V4: Вес влияния на результат | W4: + / - (23)=(2)*(22)/(30) | X4: Отклонение от прогноза | Y4: Вес влияния на результат | Z4: + / - (26)=(2)*(25)/(30) | AA4: Отклонение от прогноза | AB4: Вес влияния на результат | AC4: + / - (29)=(2)*(28)/(30)
A5: 1 | B5: 2 | C5: 3 | D5: 4 | E5: 5 | F5: 6 | G5: 7 | H5: 8 | I5: 9 | J5: 10 | K5: 11 | L5: 12 | M5: 13 | N5: 14 | O5: 15 | P5: 16 | Q5: 17 | R5: 18 | S5: 19 | T5: 20 | U5: 21 | V5: 22 | W5: 23 | X5: 24 | Y5: 25 | Z5: 26 | AA5: 27 | AB5: 28 | AC5: 29 | AD5: 30
A6: Городские округа | B6: =SUM(B7:B16) -> 112611.6 | E6: =SUM(E7:E16) -> 0 | H6: =SUM(H7:H16) -> 47365.055 | K6: =SUM(K7:K16) -> 115206.07 | N6: =SUM(N7:N16) -> -78937.988 | Z6: =SUM(Z7:Z16) -> 7448.3346 | AC6: =SUM(AC7:AC16) -> 21530.126
A7: Самара | B7: ='Расчет дотаций'!AM10 -> 4340.1 | C7: ='Расчет дотаций'!B10-1 -> 0 | D7: =C7*'Расчет дотаций'!C10 -> 0 | E7: =$B7*D7/$AD7 -> 0 | F7: ='Расчет дотаций'!F10-1 -> 0.074386099 | G7: =F7*'Расчет дотаций'!G10 -> 1.1157915 | H7: =$B7*G7/$AD7 -> 6075.3145 | I7: ='Расчет дотаций'!J10-1 -> 0.098333333 | J7: =I7*'Расчет дотаций'!K10 -> 1.9666667 | K7: =$B7*J7/$AD7 -> 10708.2 | L7: ='Расчет дотаций'!N10-1 -> -0.19939876 | M7: =L7*'Расчет дотаций'!O10 -> -2.9909814 | N7: =$B7*M7/$AD7 -> -16285.438 | O7: Х | P7: Х | Q7: Х | R7: Х | S7: Х | T7: Х | U7: Х | V7: Х | W7: Х | X7: ='Расчет дотаций'!AD10-1 -> 9.5348935e-05 | Y7: =X7*'Расчет дотаций'!AE10 -> 0.0016209319 | Z7: =$B7*Y7/$AD7 -> 8.8257271 | AA7: ='Расчет дотаций'!AH10-1 -> 0.23466817 | AB7: =AA7*'Расчет дотаций'!AI10 -> 0.7040045 | AC7: =$B7*AB7/$AD7 -> 3833.1972 | AD7: =D7+G7+J7+M7+Y7+AB7 -> 0.79710221
A8: Тольятти | B8: ='Расчет дотаций'!AM11 -> 25562.9 | C8: ='Расчет дотаций'!B11-1 -> 0 | D8: =C8*'Расчет дотаций'!C11 -> 0 | E8: =$B8*D8/$AD8 -> 0 | F8: ='Расчет дотаций'!F11-1 -> 0.1072662 | G8: =F8*'Расчет дотаций'!G11 -> 1.6089931 | H8: =$B8*G8/$AD8 -> 18775.476 | I8: ='Расчет дотаций'!J11-1 -> 0.23583333 | J8: =I8*'Расчет дотаций'!K11 -> 4.7166667 | K8: =$B8*J8/$AD8 -> 55039.181 | L8: ='Расчет дотаций'!N11-1 -> -0.32879742 | M8: =L8*'Расчет дотаций'!O11 -> -4.9319613 | N8: =$B8*M8/$AD8 -> -57551.472 | O8: Х | P8: Х | Q8: Х | R8: Х | S8: Х | T8: Х | U8: Х | V8: Х | W8: Х | X8: ='Расчет дотаций'!AD11-1 -> 0.0019166797 | Y8: =X8*'Расчет дотаций'!AE11 -> 0.032583554 | Z8: =$B8*Y8/$AD8 -> 380.22024 | AA8: ='Расчет дотаций'!AH11-1 -> 0.25478992 | AB8: =AA8*'Расчет дотаций'!AI11 -> 0.76436975 | AC8: =$B8*AB8/$AD8 -> 8919.495 | AD8: =D8+G8+J8+M8+Y8+AB8 -> 2.1906518
A9: Сызрань | B9: ='Расчет дотаций'!AM12 -> 27519.7 | C9: ='Расчет дотаций'!B12-1 -> 0 | D9: =C9*'Расчет дотаций'!C12 -> 0 | E9: =$B9*D9/$AD9 -> 0 | F9: ='Расчет дотаций'!F12-1 -> 0.11771801 | G9: =F9*'Расчет дотаций'!G12 -> 1.7657701 | H9: =$B9*G9/$AD9 -> 6169.9945 | I9: ='Расчет дотаций'!J12-1 -> 0.21416667 | J9: =I9*'Расчет дотаций'!K12 -> 4.2833333 | K9: =$B9*J9/$AD9 -> 14966.922 | L9: ='Расчет дотаций'!N12-1 -> 0.076985725 | M9: =L9*'Расчет дотаций'!O12 -> 1.1547859 | N9: =$B9*M9/$AD9 -> 4035.0793 | O9: Х | P9: Х | Q9: Х | R9: Х | S9: Х | T9: Х | U9: Х | V9: Х | W9: Х | X9: ='Расчет дотаций'!AD12-1 -> 0.0023367576 | Y9: =X9*'Расчет дотаций'!AE12 -> 0.03972488 | Z9: =$B9*Y9/$AD9 -> 138.80759 | AA9: ='Расчет дотаций'!AH12-1 -> 0.21071895 | AB9: =AA9*'Расчет дотаций'!AI12 -> 0.63215686 | AC9: =$B9*AB9/$AD9 -> 2208.897 | AD9: =D9+G9+J9+M9+Y9+AB9 -> 7.8757711
A10: Новокуйбышевск | B10: ='Расчет дотаций'!AM13 -> 8419.1 | C10: ='Расчет дотаций'!B13-1 -> 0 | D10: =C10*'Расчет дотаций'!C13 -> 0 | E10: =$B10*D10/$AD10 -> 0 | F10: ='Расчет дотаций'!F13-1 -> 0.075580026 | G10: =F10*'Расчет дотаций'!G13 -> 1.1337004 | H10: =$B10*G10/$AD10 -> 1755.8468 | I10: ='Расчет дотаций'!J13-1 -> 0.3 | J10: =I10*'Расчет дотаций'!K13 -> 6 | K10: =$B10*J10/$AD10 -> 9292.6499 | L10: ='Расчет дотаций'!N13-1 -> -0.16614346 | M10: =L10*'Расчет дотаций'!O13 -> -2.4921519 | N10: =$B10*M10/$AD10 -> -3859.7825 | O10: Х | P10: Х | Q10: Х | R10: Х | S10: Х | T10: Х | U10: Х | V10: Х | W10: Х | X10: ='Расчет дотаций'!AD13-1 -> 0.0012406948 | Y10: =X10*'Расчет дотаций'!AE13 -> 0.021091811 | Z10: =$B10*Y10/$AD10 -> 32.66647 | AA10: ='Расчет дотаций'!AH13-1 -> 0.25777778 | AB10: =AA10*'Расчет дотаций'!AI13 -> 0.77333333 | AC10: =$B10*AB10/$AD10 -> 1197.7193 | AD10: =D10+G10+J10+M10+Y10+AB10 -> 5.4359736
A11: Чапаевск | B11: ='Расчет дотаций'!AM14 -> 12077.8 | C11: ='Расчет дотаций'!B14-1 -> 0 | D11: =C11*'Расчет дотаций'!C14 -> 0 | E11: =$B11*D11/$AD11 -> 0 | F11: ='Расчет дотаций'!F14-1 -> 0.12269486 | G11: =F11*'Расчет дотаций'!G14 -> 1.8404229 | H11: =$B11*G11/$AD11 -> 2621.1365 | I11: ='Расчет дотаций'!J14-1 -> 0.08 | J11: =I11*'Расчет дотаций'!K14 -> 1.6 | K11: =$B11*J11/$AD11 -> 2278.7254 | L11: ='Расчет дотаций'!N14-1 -> 0.26096369 | M11: =L11*'Расчет дотаций'!O14 -> 3.9144554 | N11: =$B11*M11/$AD11 -> 5574.9806 | O11: Х | P11: Х | Q11: Х | R11: Х | S11: Х | T11: Х | U11: Х | V11: Х | W11: Х | X11: ='Расчет дотаций'!AD14-1 -> 0.02638932 | Y11: =X11*'Расчет дотаций'!AE14 -> 0.44861844 | Z11: =$B11*Y11/$AD11 -> 638.9239 | AA11: ='Расчет дотаций'!AH14-1 -> 0.22563107 | AB11: =AA11*'Расчет дотаций'!AI14 -> 0.6768932 | AC11: =$B11*AB11/$AD11 -> 964.03359 | AD11: =D11+G11+J11+M11+Y11+AB11 -> 8.4803899
A12: Отрадный | B12: ='Расчет дотаций'!AM15 -> 3683.3 | C12: ='Расчет дотаций'!B15-1 -> 0 | D12: =C12*'Расчет дотаций'!C15 -> 0 | E12: =$B12*D12/$AD12 -> 0 | F12: ='Расчет дотаций'!F15-1 -> 0.10177284 | G12: =F12*'Расчет дотаций'!G15 -> 1.5265926 | H12: =$B12*G12/$AD12 -> 1150.4353 | I12: ='Расчет дотаций'!J15-1 -> 0.081666667 | J12: =I12*'Расчет дотаций'!K15 -> 1.6333333 | K12: =$B12*J12/$AD12 -> 1230.8748 | L12: ='Расчет дотаций'!N15-1 -> 0.028100183 | M12: =L12*'Расчет дотаций'!O15 -> 0.42150275 | N12: =$B12*M12/$AD12 -> 317.64313 | O12: Х | P12: Х | Q12: Х | R12: Х | S12: Х | T12: Х | U12: Х | V12: Х | W12: Х | X12: ='Расчет дотаций'!AD15-1 -> 0.039308176 | Y12: =X12*'Расчет дотаций'!AE15 -> 0.66823899 | Z12: =$B12*Y12/$AD12 -> 503.58278 | AA12: ='Расчет дотаций'!AH15-1 -> 0.21265306 | AB12: =AA12*'Расчет дотаций'!AI15 -> 0.63795918 | AC12: =$B12*AB12/$AD12 -> 480.76401 | AD12: =D12+G12+J12+M12+Y12+AB12 -> 4.8876268
A13: Жигулевск | B13: ='Расчет дотаций'!AM16 -> 9072.7 | C13: ='Расчет дотаций'!B16-1 -> 0 | D13: =C13*'Расчет дотаций'!C16 -> 0 | E13: =$B13*D13/$AD13 -> 0 | F13: ='Расчет дотаций'!F16-1 -> 0.13471507 | G13: =F13*'Расчет дотаций'!G16 -> 2.0207261 | H13: =$B13*G13/$AD13 -> 3075.2253 | I13: ='Расчет дотаций'!J16-1 -> 0.10333333 | J13: =I13*'Расчет дотаций'!K16 -> 2.0666667 | K13: =$B13*J13/$AD13 -> 3145.1396 | L13: ='Расчет дотаций'!N16-1 -> 0.027138273 | M13: =L13*'Расчет дотаций'!O16 -> 0.40707409 | N13: =$B13*M13/$AD13 -> 619.50234 | O13: Х | P13: Х | Q13: Х | R13: Х | S13: Х | T13: Х | U13: Х | V13: Х | W13: Х | X13: ='Расчет дотаций'!AD16-1 -> 0.045848823 | Y13: =X13*'Расчет дотаций'!AE16 -> 0.77942999 | Z13: =$B13*Y13/$AD13 -> 1186.1691 | AA13: ='Расчет дотаций'!AH16-1 -> 0.22925373 | AB13: =AA13*'Расчет дотаций'!AI16 -> 0.68776119 | AC13: =$B13*AB13/$AD13 -> 1046.6637 | AD13: =D13+G13+J13+M13+Y13+AB13 -> 5.961658
A14: Октябрьск | B14: ='Расчет дотаций'!AM17 -> 15196.9 | C14: ='Расчет дотаций'!B17-1 -> 0 | D14: =C14*'Расчет дотаций'!C17 -> 0 | E14: =$B14*D14/$AD14 -> 0 | F14: ='Расчет дотаций'!F17-1 -> 0.13522893 | G14: =F14*'Расчет дотаций'!G17 -> 2.0284339 | H14: =$B14*G14/$AD14 -> 3989.8988 | I14: ='Расчет дотаций'!J17-1 -> 0.29266667 | J14: =I14*'Расчет дотаций'!K17 -> 5.8533333 | K14: =$B14*J14/$AD14 -> 11513.418 | L14: ='Расчет дотаций'!N17-1 -> -0.18842417 | M14: =L14*'Расчет дотаций'!O17 -> -2.8263625 | N14: =$B14*M14/$AD14 -> -5559.4122 | O14: Х | P14: Х | Q14: Х | R14: Х | S14: Х | T14: Х | U14: Х | V14: Х | W14: Х | X14: ='Расчет дотаций'!AD17-1 -> 0.11650485 | Y14: =X14*'Расчет дотаций'!AE17 -> 1.9805825 | Z14: =$B14*Y14/$AD14 -> 3895.7758 | AA14: ='Расчет дотаций'!AH17-1 -> 0.23 | AB14: =AA14*'Расчет дотаций'!AI17 -> 0.69 | AC14: =$B14*AB14/$AD14 -> 1357.2196 | AD14: =D14+G14+J14+M14+Y14+AB14 -> 7.7259873
A15: Кинель | B15: ='Расчет дотаций'!AM18 -> 8026.9 | C15: ='Расчет дотаций'!B18-1 -> 0 | D15: =C15*'Расчет дотаций'!C18 -> 0 | E15: =$B15*D15/$AD15 -> 0 | F15: ='Расчет дотаций'!F18-1 -> 0.12099024 | G15: =F15*'Расчет дотаций'!G18 -> 1.8148537 | H15: =$B15*G15/$AD15 -> 2378.5065 | I15: ='Расчет дотаций'!J18-1 -> 0.12 | J15: =I15*'Расчет дотаций'!K18 -> 2.4 | K15: =$B15*J15/$AD15 -> 3145.3861 | L15: ='Расчет дотаций'!N18-1 -> 0.056816207 | M15: =L15*'Расчет дотаций'!O18 -> 0.85224311 | N15: =$B15*M15/$AD15 -> 1116.9307 | O15: Х | P15: Х | Q15: Х | R15: Х | S15: Х | T15: Х | U15: Х | V15: Х | W15: Х | X15: ='Расчет дотаций'!AD18-1 -> 0.022047244 | Y15: =X15*'Расчет дотаций'!AE18 -> 0.37480315 | Z15: =$B15*Y15/$AD15 -> 491.20859 | AA15: ='Расчет дотаций'!AH18-1 -> 0.22760148 | AB15: =AA15*'Расчет дотаций'!AI18 -> 0.68280443 | AC15: =$B15*AB15/$AD15 -> 894.86815 | AD15: =D15+G15+J15+M15+Y15+AB15 -> 6.1247043
A16: Похвистнево | B16: ='Расчет дотаций'!AM19 -> -1287.8 | C16: ='Расчет дотаций'!B19-1 -> 0 | D16: =C16*'Расчет дотаций'!C19 -> 0 | E16: =$B16*D16/$AD16 -> 0 | F16: ='Расчет дотаций'!F19-1 -> 0.10508201 | G16: =F16*'Расчет дотаций'!G19 -> 1.5762302 | H16: =$B16*G16/$AD16 -> 1373.2207 | I16: ='Расчет дотаций'!J19-1 -> 0.223 | J16: =I16*'Расчет дотаций'!K19 -> 4.46 | K16: =$B16*J16/$AD16 -> 3885.5772 | L16: ='Расчет дотаций'!N19-1 -> -0.56213443 | M16: =L16*'Расчет дотаций'!O19 -> -8.4320164 | N16: =$B16*M16/$AD16 -> -7346.0204 | O16: Х | P16: Х | Q16: Х | R16: Х | S16: Х | T16: Х | U16: Х | V16: Х | W16: Х | X16: ='Расчет дотаций'!AD19-1 -> 0.011623811 | Y16: =X16*'Расчет дотаций'!AE19 -> 0.19760479 | Z16: =$B16*Y16/$AD16 -> 172.15441 | AA16: ='Расчет дотаций'!AH19-1 -> 0.24 | AB16: =AA16*'Расчет дотаций'!AI19 -> 0.72 | AC16: =$B16*AB16/$AD16 -> 627.26807 | AD16: =D16+G16+J16+M16+Y16+AB16 -> -1.4781814
A17: Муниципальные районы | B17: =SUM(B18:B44) -> 157248.3 | E17: =SUM(E18:E44) -> 0 | H17: =SUM(H18:H44) -> 33777.327 | K17: =SUM(K18:K44) -> 69645.949 | N17: =SUM(N18:N44) -> -12310.639 | Q17: =SUM(Q18:Q44) -> 50456.976 | T17: =SUM(T18:T44) -> 20.390579 | W17: =SUM(W18:W44) -> -10945.963 | Z17: =SUM(Z18:Z44) -> 11083.6 | AC17: =SUM(AC18:AC44) -> 15520.658
A18: Алексеевский | B18: ='Расчет дотаций'!AM21 -> 753.8 | C18: ='Расчет дотаций'!B21-1 -> 0 | D18: =C18*'Расчет дотаций'!C21 -> 0 | E18: =$B18*D18/$AD18 -> 0 | F18: ='Расчет дотаций'!F21-1 -> 0.200596 | G18: =F18*'Расчет дотаций'!G21 -> 2.00596 | H18: =$B18*G18/$AD18 -> 938.16959 | I18: ='Расчет дотаций'!J21-1 -> 0.24966667 | J18: =I18*'Расчет дотаций'!K21 -> 3.745 | K18: =$B18*J18/$AD18 -> 1751.5031 | L18: ='Расчет дотаций'!N21-1 -> -0.82742391 | M18: =L18*'Расчет дотаций'!O21 -> -4.1371195 | N18: =$B18*M18/$AD18 -> -1934.8939 | O18: ='Расчет дотаций'!R21-1 -> 0.3 | P18: =O18*'Расчет дотаций'!S21 -> 3 | Q18: =$B18*P18/$AD18 -> 1403.0732 | R18: ='Расчет дотаций'!V21-1 -> -0.048805236 | S18: =R18*'Расчет дотаций'!W21 -> -0.48805236 | T18: =$B18*S18/$AD18 -> -228.25773 | U18: ='Расчет дотаций'!Z21-1 -> -0.40235795 | V18: =U18*'Расчет дотаций'!AA21 -> -4.0235795 | W18: =$B18*V18/$AD18 -> -1881.7922 | X18: ='Расчет дотаций'!AD21-1 -> 0.064128257 | Y18: =X18*'Расчет дотаций'!AE21 -> 0.76953908 | Z18: =$B18*Y18/$AD18 -> 359.90656 | AA18: ='Расчет дотаций'!AH21-1 -> 0.24666667 | AB18: =AA18*'Расчет дотаций'!AI21 -> 0.74 | AC18: =$B18*AB18/$AD18 -> 346.09139 | AD18: =D18+G18+J18+M18+P18+S18+V18+Y18+AB18 -> 1.6117477
A19: Безенчукский | B19: ='Расчет дотаций'!AM22 -> 7932.7 | C19: ='Расчет дотаций'!B22-1 -> 0 | D19: =C19*'Расчет дотаций'!C22 -> 0 | E19: =$B19*D19/$AD19 -> 0 | F19: ='Расчет дотаций'!F22-1 -> 0.13358919 | G19: =F19*'Расчет дотаций'!G22 -> 1.3358919 | H19: =$B19*G19/$AD19 -> 1112.0114 | I19: ='Расчет дотаций'!J22-1 -> 0.27266667 | J19: =I19*'Расчет дотаций'!K22 -> 4.09 | K19: =$B19*J19/$AD19 -> 3404.5619 | L19: ='Расчет дотаций'!N22-1 -> 0.093005124 | M19: =L19*'Расчет дотаций'!O22 -> 0.46502562 | N19: =$B19*M19/$AD19 -> 387.09254 | O19: ='Расчет дотаций'!R22-1 -> 0.23860963 | P19: =O19*'Расчет дотаций'!S22 -> 2.3860963 | Q19: =$B19*P19/$AD19 -> 1986.2133 | R19: ='Расчет дотаций'!V22-1 -> 0.0011094675 | S19: =R19*'Расчет дотаций'!W22 -> 0.011094675 | T19: =$B19*S19/$AD19 -> 9.2353316 | U19: ='Расчет дотаций'!Z22-1 -> -0.0016347154 | V19: =U19*'Расчет дотаций'!AA22 -> -0.016347154 | W19: =$B19*V19/$AD19 -> -13.607554 | X19: ='Расчет дотаций'!AD22-1 -> 0.041501976 | Y19: =X19*'Расчет дотаций'!AE22 -> 0.49802372 | Z19: =$B19*Y19/$AD19 -> 414.56053 | AA19: ='Расчет дотаций'!AH22-1 -> 0.25333333 | AB19: =AA19*'Расчет дотаций'!AI22 -> 0.76 | AC19: =$B19*AB19/$AD19 -> 632.63253 | AD19: =D19+G19+J19+M19+P19+S19+V19+Y19+AB19 -> 9.5297851
A20: Богатовский | B20: ='Расчет дотаций'!AM23 -> 4244.3 | C20: ='Расчет дотаций'!B23-1 -> 0 | D20: =C20*'Расчет дотаций'!C23 -> 0 | E20: =$B20*D20/$AD20 -> 0 | F20: ='Расчет дотаций'!F23-1 -> 0.19829358 | G20: =F20*'Расчет дотаций'!G23 -> 1.9829358 | H20: =$B20*G20/$AD20 -> 1095.9146 | I20: ='Расчет дотаций'!J23-1 -> 0.236 | J20: =I20*'Расчет дотаций'!K23 -> 3.54 | K20: =$B20*J20/$AD20 -> 1956.4615 | L20: ='Расчет дотаций'!N23-1 -> -0.4136025 | M20: =L20*'Расчет дотаций'!O23 -> -2.0680125 | N20: =$B20*M20/$AD20 -> -1142.9341 | O20: ='Расчет дотаций'!R23-1 -> 0.21242187 | P20: =O20*'Расчет дотаций'!S23 -> 2.1242187 | Q20: =$B20*P20/$AD20 -> 1173.9978 | R20: ='Расчет дотаций'!V23-1 -> 0.030226098 | S20: =R20*'Расчет дотаций'!W23 -> 0.30226098 | T20: =$B20*S20/$AD20 -> 167.05141 | U20: ='Расчет дотаций'!Z23-1 -> -0.0020741205 | V20: =U20*'Расчет дотаций'!AA23 -> -0.020741205 | W20: =$B20*V20/$AD20 -> -11.463099 | X20: ='Расчет дотаций'!AD23-1 -> 0.091254753 | Y20: =X20*'Расчет дотаций'!AE23 -> 1.095057 | Z20: =$B20*Y20/$AD20 -> 605.20818 | AA20: ='Расчет дотаций'!AH23-1 -> 0.24129032 | AB20: =AA20*'Расчет дотаций'!AI23 -> 0.72387097 | AC20: =$B20*AB20/$AD20 -> 400.06376 | AD20: =D20+G20+J20+M20+P20+S20+V20+Y20+AB20 -> 7.6795898
A21: Большеглушицкий | B21: ='Расчет дотаций'!AM24 -> 3384.7 | C21: ='Расчет дотаций'!B24-1 -> 0 | D21: =C21*'Расчет дотаций'!C24 -> 0 | E21: =$B21*D21/$AD21 -> 0 | F21: ='Расчет дотаций'!F24-1 -> 0.20592026 | G21: =F21*'Расчет дотаций'!G24 -> 2.0592026 | H21: =$B21*G21/$AD21 -> 1271.3986 | I21: ='Расчет дотаций'!J24-1 -> 0.3 | J21: =I21*'Расчет дотаций'!K24 -> 4.5 | K21: =$B21*J21/$AD21 -> 2778.4026 | L21: ='Расчет дотаций'!N24-1 -> -0.20570885 | M21: =L21*'Расчет дотаций'!O24 -> -1.0285442 | N21: =$B21*M21/$AD21 -> -635.04666 | O21: ='Расчет дотаций'!R24-1 -> 0.24572581 | P21: =O21*'Расчет дотаций'!S24 -> 2.4572581 | Q21: =$B21*P21/$AD21 -> 1517.1671 | R21: ='Расчет дотаций'!V24-1 -> -0.292286 | S21: =R21*'Расчет дотаций'!W24 -> -2.92286 | T21: =$B21*S21/$AD21 -> -1804.6404 | U21: ='Расчет дотаций'!Z24-1 -> -0.068544739 | V21: =U21*'Расчет дотаций'!AA24 -> -0.68544739 | W21: =$B21*V21/$AD21 -> -423.21084 | X21: ='Расчет дотаций'!AD24-1 -> 0.033820841 | Y21: =X21*'Расчет дотаций'!AE24 -> 0.40585009 | Z21: =$B21*Y21/$AD21 -> 250.5811 | AA21: ='Расчет дотаций'!AH24-1 -> 0.23217391 | AB21: =AA21*'Расчет дотаций'!AI24 -> 0.69652174 | AC21: =$B21*AB21/$AD21 -> 430.0484 | AD21: =D21+G21+J21+M21+P21+S21+V21+Y21+AB21 -> 5.4819809
A22: Большечерниговский | B22: ='Расчет дотаций'!AM25 -> 6336 | C22: ='Расчет дотаций'!B25-1 -> 0 | D22: =C22*'Расчет дотаций'!C25 -> 0 | E22: =$B22*D22/$AD22 -> 0 | F22: ='Расчет дотаций'!F25-1 -> 0.13868712 | G22: =F22*'Расчет дотаций'!G25 -> 1.3868712 | H22: =$B22*G22/$AD22 -> 921.3662 | I22: ='Расчет дотаций'!J25-1 -> 0.28716667 | J22: =I22*'Расчет дотаций'!K25 -> 4.3075 | K22: =$B22*J22/$AD22 -> 2861.6824 | L22: ='Расчет дотаций'!N25-1 -> 0.1539666 | M22: =L22*'Расчет дотаций'!O25 -> 0.76983299 | N22: =$B22*M22/$AD22 -> 511.43761 | O22: ='Расчет дотаций'!R25-1 -> 0.22517045 | P22: =O22*'Расчет дотаций'!S25 -> 2.2517045 | Q22: =$B22*P22/$AD22 -> 1495.9172 | R22: ='Расчет дотаций'!V25-1 -> 0.0010233451 | S22: =R22*'Расчет дотаций'!W25 -> 0.010233451 | T22: =$B22*S22/$AD22 -> 6.7985806 | U22: ='Расчет дотаций'!Z25-1 -> 0.00080855269 | V22: =U22*'Расчет дотаций'!AA25 -> 0.0080855269 | W22: =$B22*V22/$AD22 -> 5.37161 | X22: ='Расчет дотаций'!AD25-1 -> 0.0074372482 | Y22: =X22*'Расчет дотаций'!AE25 -> 0.089246979 | Z22: =$B22*Y22/$AD22 -> 59.291123 | AA22: ='Расчет дотаций'!AH25-1 -> 0.23789474 | AB22: =AA22*'Расчет дотаций'!AI25 -> 0.71368421 | AC22: =$B22*AB22/$AD22 -> 474.13524 | AD22: =D22+G22+J22+M22+P22+S22+V22+Y22+AB22 -> 9.5371589
A23: Борский | B23: ='Расчет дотаций'!AM26 -> 6490.2 | C23: ='Расчет дотаций'!B26-1 -> 0 | D23: =C23*'Расчет дотаций'!C26 -> 0 | E23: =$B23*D23/$AD23 -> 0 | F23: ='Расчет дотаций'!F26-1 -> 0.20515784 | G23: =F23*'Расчет дотаций'!G26 -> 2.0515784 | H23: =$B23*G23/$AD23 -> 1540.7583 | I23: ='Расчет дотаций'!J26-1 -> 0.3 | J23: =I23*'Расчет дотаций'!K26 -> 4.5 | K23: =$B23*J23/$AD23 -> 3379.5502 | L23: ='Расчет дотаций'!N26-1 -> -0.35813357 | M23: =L23*'Расчет дотаций'!O26 -> -1.7906678 | N23: =$B23*M23/$AD23 -> -1344.8115 | O23: ='Расчет дотаций'!R26-1 -> 0.25279522 | P23: =O23*'Расчет дотаций'!S26 -> 2.5279522 | Q23: =$B23*P23/$AD23 -> 1898.5203 | R23: ='Расчет дотаций'!V26-1 -> 0.010338708 | S23: =R23*'Расчет дотаций'!W26 -> 0.10338708 | T23: =$B23*S23/$AD23 -> 77.644854 | U23: ='Расчет дотаций'!Z26-1 -> 0.0014281236 | V23: =U23*'Расчет дотаций'!AA26 -> 0.014281236 | W23: =$B23*V23/$AD23 -> 10.725368 | X23: ='Расчет дотаций'!AD26-1 -> 0.047440113 | Y23: =X23*'Расчет дотаций'!AE26 -> 0.56928135 | Z23: =$B23*Y23/$AD23 -> 427.53665 | AA23: ='Расчет дотаций'!AH26-1 -> 0.22204545 | AB23: =AA23*'Расчет дотаций'!AI26 -> 0.66613636 | AC23: =$B23*AB23/$AD23 -> 500.27584 | AD23: =D23+G23+J23+M23+P23+S23+V23+Y23+AB23 -> 8.6419488
A24: Волжский | B24: ='Расчет дотаций'!AM27 -> 21046.8 | C24: ='Расчет дотаций'!B27-1 -> 0 | D24: =C24*'Расчет дотаций'!C27 -> 0 | E24: =$B24*D24/$AD24 -> 0 | F24: ='Расчет дотаций'!F27-1 -> 0.20222488 | G24: =F24*'Расчет дотаций'!G27 -> 2.0222488 | H24: =$B24*G24/$AD24 -> 3681.2266 | I24: ='Расчет дотаций'!J27-1 -> 0.21133333 | J24: =I24*'Расчет дотаций'!K27 -> 3.17 | K24: =$B24*J24/$AD24 -> 5770.5502 | L24: ='Расчет дотаций'!N27-1 -> 0.20567192 | M24: =L24*'Расчет дотаций'!O27 -> 1.0283596 | N24: =$B24*M24/$AD24 -> 1871.9876 | O24: ='Расчет дотаций'!R27-1 -> 0.3 | P24: =O24*'Расчет дотаций'!S27 -> 3 | Q24: =$B24*P24/$AD24 -> 5461.0885 | R24: ='Расчет дотаций'!V27-1 -> 0.130486 | S24: =R24*'Расчет дотаций'!W27 -> 1.30486 | T24: =$B24*S24/$AD24 -> 2375.3186 | U24: ='Расчет дотаций'!Z27-1 -> 0.0015278316 | V24: =U24*'Расчет дотаций'!AA27 -> 0.015278316 | W24: =$B24*V24/$AD24 -> 27.812079 | X24: ='Расчет дотаций'!AD27-1 -> 0.012195122 | Y24: =X24*'Расчет дотаций'!AE27 -> 0.14634146 | Z24: =$B24*Y24/$AD24 -> 266.39456 | AA24: ='Расчет дотаций'!AH27-1 -> 0.2915942 | AB24: =AA24*'Расчет дотаций'!AI27 -> 0.87478261 | AC24: =$B24*AB24/$AD24 -> 1592.4218 | AD24: =D24+G24+J24+M24+P24+S24+V24+Y24+AB24 -> 11.561871
A25: Елховский | B25: ='Расчет дотаций'!AM28 -> 4244.6 | C25: ='Расчет дотаций'!B28-1 -> 0 | D25: =C25*'Расчет дотаций'!C28 -> 0 | E25: =$B25*D25/$AD25 -> 0 | F25: ='Расчет дотаций'!F28-1 -> 0.2330087 | G25: =F25*'Расчет дотаций'!G28 -> 2.330087 | H25: =$B25*G25/$AD25 -> 903.52325 | I25: ='Расчет дотаций'!J28-1 -> 0.25333333 | J25: =I25*'Расчет дотаций'!K28 -> 3.8 | K25: =$B25*J25/$AD25 -> 1473.5022 | L25: ='Расчет дотаций'!N28-1 -> -0.20214929 | M25: =L25*'Расчет дотаций'!O28 -> -1.0107464 | N25: =$B25*M25/$AD25 -> -391.93083 | O25: ='Расчет дотаций'!R28-1 -> 0.22600639 | P25: =O25*'Расчет дотаций'!S28 -> 2.2600639 | Q25: =$B25*P25/$AD25 -> 876.37085 | R25: ='Расчет дотаций'!V28-1 -> 0.11120203 | S25: =R25*'Расчет дотаций'!W28 -> 1.1120203 | T25: =$B25*S25/$AD25 -> 431.20116 | U25: ='Расчет дотаций'!Z28-1 -> 0.00061893955 | V25: =U25*'Расчет дотаций'!AA28 -> 0.0061893955 | W25: =$B25*V25/$AD25 -> 2.4000232 | X25: ='Расчет дотаций'!AD28-1 -> 0.14058355 | Y25: =X25*'Расчет дотаций'!AE28 -> 1.6870027 | Z25: =$B25*Y25/$AD25 -> 654.15847 | AA25: ='Расчет дотаций'!AH28-1 -> 0.25391304 | AB25: =AA25*'Расчет дотаций'!AI28 -> 0.76173913 | AC25: =$B25*AB25/$AD25 -> 295.37482 | AD25: =D25+G25+J25+M25+P25+S25+V25+Y25+AB25 -> 10.946356
A26: Исаклинский | B26: ='Расчет дотаций'!AM29 -> 4582 | C26: ='Расчет дотаций'!B29-1 -> 0 | D26: =C26*'Расчет дотаций'!C29 -> 0 | E26: =$B26*D26/$AD26 -> 0 | F26: ='Расчет дотаций'!F29-1 -> 0.20253429 | G26: =F26*'Расчет дотаций'!G29 -> 2.0253429 | H26: =$B26*G26/$AD26 -> 1317.436 | I26: ='Расчет дотаций'!J29-1 -> 0.291 | J26: =I26*'Расчет дотаций'!K29 -> 4.365 | K26: =$B26*J26/$AD26 -> 2839.3256 | L26: ='Расчет дотаций'!N29-1 -> -0.58744699 | M26: =L26*'Расчет дотаций'!O29 -> -2.9372349 | N26: =$B26*M26/$AD26 -> -1910.5994 | O26: ='Расчет дотаций'!R29-1 -> 0.23205479 | P26: =O26*'Расчет дотаций'!S29 -> 2.3205479 | Q26: =$B26*P26/$AD26 -> 1509.4596 | R26: ='Расчет дотаций'!V29-1 -> 0.004245259 | S26: =R26*'Расчет дотаций'!W29 -> 0.04245259 | T26: =$B26*S26/$AD26 -> 27.61437 | U26: ='Расчет дотаций'!Z29-1 -> 0.0010197704 | V26: =U26*'Расчет дотаций'!AA29 -> 0.010197704 | W26: =$B26*V26/$AD26 -> 6.6333566 | X26: ='Расчет дотаций'!AD29-1 -> 0.042821159 | Y26: =X26*'Расчет дотаций'!AE29 -> 0.5138539 | Z26: =$B26*Y26/$AD26 -> 334.24938 | AA26: ='Расчет дотаций'!AH29-1 -> 0.23463918 | AB26: =AA26*'Расчет дотаций'!AI29 -> 0.70391753 | AC26: =$B26*AB26/$AD26 -> 457.88111 | AD26: =D26+G26+J26+M26+P26+S26+V26+Y26+AB26 -> 7.0440777
A27: Камышлинский | B27: ='Расчет дотаций'!AM30 -> 2582.6 | C27: ='Расчет дотаций'!B30-1 -> 0 | D27: =C27*'Расчет дотаций'!C30 -> 0 | E27: =$B27*D27/$AD27 -> 0 | F27: ='Расчет дотаций'!F30-1 -> 0.155613 | G27: =F27*'Расчет дотаций'!G30 -> 1.55613 | H27: =$B27*G27/$AD27 -> 751.07268 | I27: ='Расчет дотаций'!J30-1 -> 0.23166667 | J27: =I27*'Расчет дотаций'!K30 -> 3.475 | K27: =$B27*J27/$AD27 -> 1677.2234 | L27: ='Расчет дотаций'!N30-1 -> -0.24017957 | M27: =L27*'Расчет дотаций'!O30 -> -1.2008979 | N27: =$B27*M27/$AD27 -> -579.61841 | O27: ='Расчет дотаций'!R30-1 -> 0.26099174 | P27: =O27*'Расчет дотаций'!S30 -> 2.6099174 | Q27: =$B27*P27/$AD27 -> 1259.6876 | R27: ='Расчет дотаций'!V30-1 -> -0.17187903 | S27: =R27*'Расчет дотаций'!W30 -> -1.7187903 | T27: =$B27*S27/$AD27 -> -829.58135 | U27: ='Расчет дотаций'!Z30-1 -> -0.26326844 | V27: =U27*'Расчет дотаций'!AA30 -> -2.6326844 | W27: =$B27*V27/$AD27 -> -1270.6762 | X27: ='Расчет дотаций'!AD30-1 -> 0.20273902 | Y27: =X27*'Расчет дотаций'!AE30 -> 2.4328682 | Z27: =$B27*Y27/$AD27 -> 1174.2341 | AA27: ='Расчет дотаций'!AH30-1 -> 0.27642857 | AB27: =AA27*'Расчет дотаций'!AI30 -> 0.82928571 | AC27: =$B27*AB27/$AD27 -> 400.25824 | AD27: =D27+G27+J27+M27+P27+S27+V27+Y27+AB27 -> 5.3508288
A28: Кинельский | B28: ='Расчет дотаций'!AM31 -> 3951.5 | C28: ='Расчет дотаций'!B31-1 -> 0 | D28: =C28*'Расчет дотаций'!C31 -> 0 | E28: =$B28*D28/$AD28 -> 0 | F28: ='Расчет дотаций'!F31-1 -> 0.21238312 | G28: =F28*'Расчет дотаций'!G31 -> 2.1238312 | H28: =$B28*G28/$AD28 -> 1177.7988 | I28: ='Расчет дотаций'!J31-1 -> -0.12166667 | J28: =I28*'Расчет дотаций'!K31 -> -1.825 | K28: =$B28*J28/$AD28 -> -1012.078 | L28: ='Расчет дотаций'!N31-1 -> 0.17221259 | M28: =L28*'Расчет дотаций'!O31 -> 0.86106297 | N28: =$B28*M28/$AD28 -> 477.51393 | O28: ='Расчет дотаций'!R31-1 -> 0.26331492 | P28: =O28*'Расчет дотаций'!S31 -> 2.6331492 | Q28: =$B28*P28/$AD28 -> 1460.2479 | R28: ='Расчет дотаций'!V31-1 -> 0.061440045 | S28: =R28*'Расчет дотаций'!W31 -> 0.61440045 | T28: =$B28*S28/$AD28 -> 340.72395 | U28: ='Расчет дотаций'!Z31-1 -> 0.20436727 | V28: =U28*'Расчет дотаций'!AA31 -> 2.0436727 | W28: =$B28*V28/$AD28 -> 1133.3459 | X28: ='Расчет дотаций'!AD31-1 -> 0.0032467532 | Y28: =X28*'Расчет дотаций'!AE31 -> 0.038961039 | Z28: =$B28*Y28/$AD28 -> 21.606363 | AA28: ='Расчет дотаций'!AH31-1 -> 0.21178295 | AB28: =AA28*'Расчет дотаций'!AI31 -> 0.63534884 | AC28: =$B28*AB28/$AD28 -> 352.34115 | AD28: =D28+G28+J28+M28+P28+S28+V28+Y28+AB28 -> 7.1254263
A29: Кинель-Черкасский | B29: ='Расчет дотаций'!AM32 -> 10383.1 | C29: ='Расчет дотаций'!B32-1 -> 0 | D29: =C29*'Расчет дотаций'!C32 -> 0 | E29: =$B29*D29/$AD29 -> 0 | F29: ='Расчет дотаций'!F32-1 -> 0.14886578 | G29: =F29*'Расчет дотаций'!G32 -> 1.4886578 | H29: =$B29*G29/$AD29 -> 1626.0873 | I29: ='Расчет дотаций'!J32-1 -> 0.3 | J29: =I29*'Расчет дотаций'!K32 -> 4.5 | K29: =$B29*J29/$AD29 -> 4915.4297 | L29: ='Расчет дотаций'!N32-1 -> -0.21237544 | M29: =L29*'Расчет дотаций'!O32 -> -1.0618772 | N29: =$B29*M29/$AD29 -> -1159.9073 | O29: ='Расчет дотаций'!R32-1 -> 0.23101754 | P29: =O29*'Расчет дотаций'!S32 -> 2.3101754 | Q29: =$B29*P29/$AD29 -> 2523.4455 | R29: ='Расчет дотаций'!V32-1 -> 0.00015751818 | S29: =R29*'Расчет дотаций'!W32 -> 0.0015751818 | T29: =$B29*S29/$AD29 -> 1.7205989 | U29: ='Расчет дотаций'!Z32-1 -> 0.12765468 | V29: =U29*'Расчет дотаций'!AA32 -> 1.2765468 | W29: =$B29*V29/$AD29 -> 1394.3946 | X29: ='Расчет дотаций'!AD32-1 -> 0.027355623 | Y29: =X29*'Расчет дотаций'!AE32 -> 0.32826748 | Z29: =$B29*Y29/$AD29 -> 358.57238 | AA29: ='Расчет дотаций'!AH32-1 -> 0.22074074 | AB29: =AA29*'Расчет дотаций'!AI32 -> 0.66222222 | AC29: =$B29*AB29/$AD29 -> 723.35706 | AD29: =D29+G29+J29+M29+P29+S29+V29+Y29+AB29 -> 9.5055677
... A44: Шигонский | B44: ='Расчет дотаций'!AM47 -> 4663.6 | C44: ='Расчет дотаций'!B47-1 -> 0 | D44: =C44*'Расчет дотаций'!C47 -> 0 | E44: =$B44*D44/$AD44 -> 0 | F44: ='Расчет дотаций'!F47-1 -> 0.16644075 | G44: =F44*'Расчет дотаций'!G47 -> 1.6644075 | H44: =$B44*G44/$AD44 -> 1243.2567 | I44: ='Расчет дотаций'!J47-1 -> 0.23166667 | J44: =I44*'Расчет дотаций'!K47 -> 3.475 | K44: =$B44*J44/$AD44 -> 2595.7086 | L44: ='Расчет дотаций'!N47-1 -> -0.071501054 | M44: =L44*'Расчет дотаций'!O47 -> -0.35750527 | N44: =$B44*M44/$AD44 -> -267.04446 | O44: ='Расчет дотаций'!R47-1 -> 0.22031008 | P44: =O44*'Расчет дотаций'!S47 -> 2.2031008 | Q44: =$B44*P44/$AD44 -> 1645.6425 | R44: ='Расчет дотаций'!V47-1 -> 0.014206641 | S44: =R44*'Расчет дотаций'!W47 -> 0.14206641 | T44: =$B44*S44/$AD44 -> 106.11885 | U44: ='Расчет дотаций'!Z47-1 -> -0.2304401 | V44: =U44*'Расчет дотаций'!AA47 -> -2.304401 | W44: =$B44*V44/$AD44 -> -1721.3104 | X44: ='Расчет дотаций'!AD47-1 -> 0.061876248 | Y44: =X44*'Расчет дотаций'!AE47 -> 0.74251497 | Z44: =$B44*Y44/$AD44 -> 554.63381 | AA44: ='Расчет дотаций'!AH47-1 -> 0.22606742 | AB44: =AA44*'Расчет дотаций'!AI47 -> 0.67820225 | AC44: =$B44*AB44/$AD44 -> 506.59436 | AD44: =D44+G44+J44+M44+P44+S44+V44+Y44+AB44 -> 6.2433857
A45: ИТОГО | B45: =B6+B17 -> 269859.9 | E45: =E6+E17 -> 0 | H45: =H6+H17 -> 81142.382 | K45: =K6+K17 -> 184852.02 | N45: =N6+N17 -> -91248.627 | Q45: =Q6+Q17 -> 50456.976 | T45: =T6+T17 -> 20.390579 | W45: =W6+W17 -> -10945.963 | Z45: =Z6+Z17 -> 18531.935 | AC45: =AC6+AC17 -> 37050.784
